Workbook

Sheet 40204810200000000013
A3: Наименование показателя | B3: Глава | C3: Раздел/ подраздел | D3: Отчет 2018 год | E3: Уточненная роспись на 01.10.19 год | F3: Проект 2020год | G3: Отклонение | K3: Проект 2021 год | L3: Проект 2022 год
G4: к отчету 2018 года | I4: к плану 2019 года
G5: Сумма | H5: (%) | I5: Сумма | J5: (%)
A6: Администрация ЗАТО г. Североморск | B6: 701 | C6: 0000 | D6: =D7+D13+D17+D20+D24+D28+D30 -> 2.9474006e+08 | E6: =E7+E13+E17+E20+E24+E28+E30 -> 1.0790507e+08 | F6: =F7+F13+F17+F20+F24+F28+F30 -> 1.1269818e+08 | G6: =F6-D6 -> -1.8204189e+08 | H6: =F6/D6*100 -> 38.236463 | I6: =F6-E6 -> 4793109 | J6: =F6/E6 -> 1.0444197 | K6: =K7+K13+K17+K20+K24+K28+K30 -> 1.03849e+08 | L6: =L7+L13+L17+L20+L24+L28+L30 -> 1.041008e+08
A7: ОБЩЕГОСУДАРСТВЕННЫЕ ВОПРОСЫ | B7: 701 | C7: 0100 | D7: =D8+D9+D10+D11+D12 -> 1.0643406e+08 | E7: =E8+E9+E10+E11+E12 -> 53635888 | F7: =F8+F9+F10+F11+F12 -> 62095416 | G7: =F7-D7 -> -44338647 | H7: =F7/D7*100 -> 58.341676 | I7: =F7-E7 -> 8459527.5 | J7: =F7/E7 -> 1.1577214 | K7: =K8+K9+K10+K11+K12 -> 53563073 | L7: =L8+L9+L10+L11+L12 -> 53782008
A8: Функционирование высшего должностного лица субъекта Российской Федерации и муниципального образования | B8: 701 | C8: 0102 | D8: 2594536.9 | E8: 2971082 | F8: 3066027 | G8: =F8-D8 -> 471490.18 | H8: =F8/D8*100 -> 118.17242 | I8: =F8-E8 -> 94945.05 | J8: =F8/E8 -> 1.0319564 | K8: 3225566.1 | L8: 3125566.1
A9: Функционирование Правительства Российской Федерации, высших исполнительных органов государственной власти субъектов Российской Федерации, местных администраций | B9: 701 | C9: 0104 | D9: 45866703 | E9: 45020085 | F9: 44747013 | G9: =F9-D9 -> -1119689.3 | H9: =F9/D9*100 -> 97.558819 | I9: =F9-E9 -> -273071.52 | J9: =F9/E9 -> 0.99393445 | K9: 45721181 | L9: 45721181
A10: Судебная система | B10: 701 | C10: 0105 | D10: 42000 | E10: 12080.64 | F10: 11320 | G10: =F10-D10 -> -30680 | H10: =F10/D10*100 -> 26.952381 | I10: =F10-E10 -> -760.64 | J10: =F10/E10 -> 0.93703645 | K10: 12197.64 | L10: 111385.18
A11: Обеспечение проведения выборов и референдумов | B11: 701 | C11: 0107 | D11: 1312500 | F11: 7960300 | G11: =F11-D11 -> 6647800 | H11: =F11/D11*100 -> 606.49905 | I11: =F11-E11 -> 7960300 | J11: 0 | K11: 0 | L11: 0
A12: Другие общегосударственные вопросы | B12: 701 | C12: 0113 | D12: 56618324 | E12: 5632640.8 | F12: 6310755.4 | G12: =F12-D12 -> -50307568 | H12: =F12/D12*100 -> 11.146136 | I12: =F12-E12 -> 678114.59 | J12: =F12/E12 -> 1.1203902 | K12: 4604128.7 | L12: 4823876.2
A13: НАЦИОНАЛЬНАЯ БЕЗОПАСНОСТЬ И ПРАВООХРАНИТЕЛЬНАЯ ДЕЯТЕЛЬНОСТЬ | B13: 701 | C13: 0300 | D13: =D14+D15+D16 -> 11972054 | E13: =E14+E15+E16 -> 4457475 | F13: =F14+F15+F16 -> 3795972 | G13: =F13-D13 -> -8176081.5 | H13: =F13/D13*100 -> 31.706942 | I13: =F13-E13 -> -661503 | J13: =F13/E13 -> 0.85159692 | K13: =K14+K15+K16 -> 2699742 | L13: =L14+L15+L16 -> 2684379
A14: Органы юстиции | B14: 701 | C14: 0304 | D14: 3982647.9 | E14: 4367475 | F14: 3655972 | G14: =F14-D14 -> -326675.92 | H14: =F14/D14*100 -> 91.797519 | I14: =F14-E14 -> -711503 | J14: =F14/E14 -> 0.83709054 | K14: 2559742 | L14: 2542579
A15: Защита населения и территории от чрезвычайных ситуаций природного и техногенного характера, гражданская оборона | B15: 701 | C15: 0309 | D15: 7202970.9 | E15: 0 | F15: 0 | G15: =F15-D15 -> -7202970.9 | H15: =F15/D15*100 -> 0 | I15: =F15-E15 -> 0 | J15: 0 | K15: 0 | L15: 0
A16: Другие вопросы в области национальной безопасности и правоохранительной деятельности | B16: 701 | C16: 0314 | D16: 786434.67 | E16: 90000 | F16: 140000 | G16: =F16-D16 -> -646434.67 | H16: =F16/D16*100 -> 17.80186 | I16: =F16-E16 -> 50000 | J16: =F16/E16 -> 1.5555556 | K16: 140000 | L16: 141800
A17: НАЦИОНАЛЬНАЯ ЭКОНОМИКА | B17: 701 | C17: 0400 | D17: =D18+D19 -> 24577598 | E17: =E18+E19 -> 29581219 | F17: =F18+F19 -> 26272167 | G17: =F17-D17 -> 1694569.1 | H17: =F17/D17*100 -> 106.89477 | I17: =F17-E17 -> -3309051.3 | J17: =F17/E17 -> 0.88813675 | K17: =K18+K19 -> 26820851 | L17: =L18+L19 -> 26772574
A18: Связь и информатика | B18: 701 | C18: 0410 | D18: 23921957 | E18: 25022951 | F18: 25822461 | G18: =F18-D18 -> 1900504.1 | H18: =F18/D18*100 -> 107.9446 | I18: =F18-E18 -> 799510.26 | J18: =F18/E18 -> 1.0319511 | K18: 26367775 | L18: 26367775
A19: Другие вопросы в области национальной экономики | B19: 701 | C19: 0412 | D19: 655641.04 | E19: 4558267.5 | F19: 449706 | G19: =F19-D19 -> -205935.04 | H19: =F19/D19*100 -> 68.590276 | I19: =F19-E19 -> -4108561.5 | J19: =F19/E19 -> 0.098657219 | K19: 453076 | L19: 404799
A20: ОБРАЗОВАНИЕ | B20: 701 | C20: 0700 | D20: =D21+D22+D23 -> 1.1760138e+08 | E20: =E21+E22+E23 -> 130859.98 | F20: =F21+F22+F23 -> 0 | G20: =F20-D20 -> -1.1760138e+08 | H20: =F20/D20*100 -> 0 | I20: =F20-E20 -> -130859.98 | J20: =F20/E20 -> 0 | K20: =K21+K22+K23 -> 0 | L20: =L21+L22+L23 -> 0
A21: Дошкольное образование | B21: 701 | C21: 0701 | D21: 72739053 | E21: 0 | F21: 0 | G21: =F21-D21 -> -72739053 | H21: =F21/D21*100 -> 0 | I21: =F21-E21 -> 0 | J21: 0 | K21: 0 | L21: 0
A22: Общее образование | B22: 701 | C22: 0702 | D22: 44291500 | E22: 0 | F22: 0 | G22: =F22-D22 -> -44291500 | H22: =F22/D22*100 -> 0 | I22: =F22-E22 -> 0 | J22: 0 | K22: 0 | L22: 0
A23: Молодежная политика и оздоровление детей | B23: 701 | C23: 0707 | D23: 570825.18 | E23: 130859.98 | F23: 0 | G23: =F23-D23 -> -570825.18 | H23: =F23/D23*100 -> 0 | I23: =F23-E23 -> -130859.98 | J23: =F23/E23 -> 0 | K23: 0 | L23: 0
A24: СОЦИАЛЬНАЯ ПОЛИТИКА | B24: 701 | C24: 1000 | D24: =D25+D26+D27 -> 15812540 | E24: =E25+E26+E27 -> 18646440 | F24: =F25+F26+F27 -> 20534620 | G24: =F24-D24 -> 4722079.5 | H24: =F24/D24*100 -> 129.86288 | I24: =F24-E24 -> 1888180 | J24: =F24/E24 -> 1.1012622 | K24: =K25+K26+K27 -> 20765336 | L24: =L25+L26+L27 -> 20861836
A25: Пенсионное обеспечение | B25: 701 | C25: 1001 | D25: 5155624.5 | E25: 5519040 | F25: 6748720 | G25: =F25-D25 -> 1593095.5 | H25: =F25/D25*100 -> 130.90015 | I25: =F25-E25 -> 1229680 | J25: =F25/E25 -> 1.2228069 | K25: 6899435.8 | L25: 6899435.8
A26: Социальное обеспечение населения | B26: 701 | C26: 1003 | D26: 8589161.2 | E26: 10970700 | F26: 11470700 | G26: =F26-D26 -> 2881538.8 | H26: =F26/D26*100 -> 133.54855 | I26: =F26-E26 -> 500000 | J26: =F26/E26 -> 1.0455759 | K26: 11472900 | L26: 11475600
A27: Охрана семьи и детства | B27: 701 | C27: 1004 | D27: 2067754.8 | E27: 2156700 | F27: 2315200 | G27: =F27-D27 -> 247445.24 | H27: =F27/D27*100 -> 111.96686 | I27: =F27-E27 -> 158500 | J27: =F27/E27 -> 1.0734919 | K27: 2393000 | L27: 2486800
A28: ФИЗИЧЕСКАЯ КУЛЬТУРА И СПОРТ | B28: 701 | C28: 1100 | D28: =D29 -> 1821259.4 | E28: =E29 -> 1453184.2 | F28: =F29 -> 0 | G28: =F28-D28 -> -1821259.4 | H28: =F28/D28*100 -> 0 | I28: =F28-E28 -> -1453184.2 | J28: =F28/E28 -> 0 | K28: =K29 -> 0 | L28: =L29 -> 0
A29: Другие вопросы в области физической культуры и спорта | B29: 701 | C29: 1105 | D29: 1821259.4 | E29: 1453184.2 | F29: 0 | G29: =F29-D29 -> -1821259.4 | H29: =F29/D29*100 -> 0 | I29: =F29-E29 -> -1453184.2 | J29: =F29/E29 -> 0 | K29: 0 | L29: 0
A30: СРЕДСТВА МАССОВОЙ ИНФОРМАЦИИ | B30: 701 | C30: 1200 | D30: =D31+D32 -> 16521168 | E30: =E31+E32 -> 0 | F30: =F31+F32 -> 0 | G30: =F30-D30 -> -16521168 | H30: =F30/D30*100 -> 0 | I30: =F30-E30 -> 0 | J30: 0 | K30: =K31+K32 -> 0 | L30: =L31+L32 -> 0
A31: Телевидение и радиовещание | B31: 701 | C31: 1201 | D31: 5378069.7 | E31: 0 | F31: 0 | G31: =F31-D31 -> -5378069.7 | H31: =F31/D31*100 -> 0 | I31: =F31-E31 -> 0 | J31: 0 | K31: 0 | L31: 0
A32: Периодическая печать и издательства | B32: 701 | C32: 1202 | D32: 11143098 | E32: 0 | F32: 0 | G32: =F32-D32 -> -11143098 | H32: =F32/D32*100 -> 0 | I32: =F32-E32 -> 0 | J32: 0 | K32: 0 | L32: 0
A33: Управление финансов администрации ЗАТО г. Североморск | B33: 703 | C33: 0000 | D33: =D34+D38+D41 -> 52084305 | E33: =E34+E38+E41 -> 70401754 | F33: =F34+F38+F41 -> 51611828 | G33: =F33-D33 -> -472476.76 | H33: =F33/D33*100 -> 99.092862 | I33: =F33-E33 -> -18789926 | J33: =F33/E33 -> 0.73310429 | K33: =K34+K38+K41 -> 66488411 | L33: =L34+L38+L41 -> 71250799
A34: ОБЩЕГОСУДАРСТВЕННЫЕ ВОПРОСЫ | B34: 703 | C34: 0100 | D34: =D35+D36+D37 -> 43306979 | E34: =E35+E36+E37 -> 50109516 | F34: =F35+F36+F37 -> 33704696 | G34: =F34-D34 -> -9602282.2 | H34: =F34/D34*100 -> 77.827402 | I34: =F34-E34 -> -16404819 | J34: =F34/E34 -> 0.67262068 | K34: =K35+K36+K37 -> 29224538 | L34: =L35+L36+L37 -> 29246030
A35: Функционирование Правительства Российской Федерации, высших исполнительных органов государственной власти субъектов Российской Федерации, местных администраций | B35: 703 | C35: 0104 | D35: 17631425 | E35: 21304356 | F35: 20248301 | G35: =F35-D35 -> 2616875.9 | H35: =F35/D35*100 -> 114.84211 | I35: =F35-E35 -> -1056054.7 | J35: =F35/E35 -> 0.9504301 | K35: 20677438 | L35: 20687930
A36: Резервные фонды | B36: 703 | C36: 0111 | D36: 0 | E36: 3000000 | F36: 3000000 | G36: =F36-D36 -> 3000000 | H36: 0 | I36: =F36-E36 -> 0 | J36: =F36/E36 -> 1 | K36: 3000000 | L36: 3000000
A37: Другие общегосударственные вопросы | B37: 703 | C37: 0113 | D37: 25675554 | E37: 25805160 | F37: 10456395 | G37: =F37-D37 -> -15219158 | H37: =F37/D37*100 -> 40.725102 | I37: =F37-E37 -> -15348764 | J37: =F37/E37 -> 0.40520561 | K37: 5547100 | L37: 5558100
A38: ЖИЛИЩНО-КОММУНАЛЬНОЕ ХОЗЯЙСТВО | B38: 703 | C38: 0500 | D38: =D39+D40 -> 0 | E38: =E39+E40 -> 3077545.4 | F38: =F39+F40 -> 0 | G38: =F38-D38 -> 0 | H38: 0 | I38: =F38-E38 -> -3077545.4 | J38: =F38/E38 -> 0 | K38: =K39+K40 -> 0 | L38: =L39+L40 -> 0
A39: Жилищное хозяйство | B39: 703 | C39: 0501 | D39: 0 | E39: 2300409.4 | F39: 0 | G39: =F39-D39 -> 0 | H39: 0 | I39: =F39-E39 -> -2300409.4 | J39: =F39/E39 -> 0 | K39: 0 | L39: 0
A40: Коммунальное хозяйство | B40: 703 | C40: 0502 | D40: 0 | E40: 777136 | F40: 0 | G40: =F40-D40 -> 0 | H40: 0 | I40: =F40-E40 -> -777136 | J40: =F40/E40 -> 0 | K40: 0 | L40: 0
A41: ОБСЛУЖИВАНИЕ ГОСУДАРСТВЕННОГО И МУНИЦИПАЛЬНОГО ДОЛГА | B41: 703 | C41: 1300 | D41: =D42 -> 8777326 | E41: =E42 -> 17214693 | F41: =F42 -> 17907131 | G41: =F41-D41 -> 9129805.5 | H41: =F41/D41*100 -> 204.0158 | I41: =F41-E41 -> 692438.53 | J41: =F41/E41 -> 1.0402237 | K41: =K42 -> 37263874 | L41: =L42 -> 42004769
A42: Обслуживание государственного внутреннего и муниципального долга | B42: 703 | C42: 1301 | D42: 8777326 | E42: 17214693 | F42: 17907131 | G42: =F42-D42 -> 9129805.5 | H42: =F42/D42*100 -> 204.0158 | I42: =F42-E42 -> 692438.53 | J42: =F42/E42 -> 1.0402237 | K42: 37263874 | L42: 42004769
A43: Управление образования администрации ЗАТО г. Североморск | B43: 707 | C43: 0000 | D43: =D44+D47+D49+D55 -> 1.6550887e+09 | E43: =E44+E47+E49+E55 -> 1.7123084e+09 | F43: =F44+F47+F49+F55 -> 1.8526888e+09 | G43: =F43-D43 -> 1.9760008e+08 | H43: =F43/D43*100 -> 111.93894 | I43: =F43-E43 -> 1.4038037e+08 | J43: =F43/E43 -> 1.0819831 | K43: =K44+K47+K49+K55 -> 1.9166334e+09 | L43: =L44+L47+L49+L55 -> 1.9632277e+09
A44: ОБЩЕГОСУДАРСТВЕННЫЕ ВОПРОСЫ | B44: 707 | C44: 0100 | D44: =D45+D46 -> 6323574.1 | E44: =E45+E46 -> 5625455.4 | F44: =F45+F46 -> 5913540.6 | G44: =F44-D44 -> -410033.45 | H44: =F44/D44*100 -> 93.515796 | I44: =F44-E44 -> 288085.19 | J44: =F44/E44 -> 1.051211 | K44: =K45+K46 -> 5758656.9 | L44: =L45+L46 -> 6033656.9
A45: Функционирование Правительства Российской Федерации, высших исполнительных органов государственной власти субъектов Российской Федерации, местных администраций | B45: 707 | C45: 0104 | D45: 5730149.5 | E45: 5233429.1 | F45: 5703540.6 | G45: =F45-D45 -> -26608.82 | H45: =F45/D45*100 -> 99.535635 | I45: =F45-E45 -> 470111.52 | J45: =F45/E45 -> 1.0898286 | K45: 5548656.9 | L45: 5823656.9
A46: Другие общегосударственные вопросы | B46: 707 | C46: 0113 | D46: 593424.63 | E46: 392026.33 | F46: 210000 | G46: =F46-D46 -> -383424.63 | H46: =F46/D46*100 -> 35.387813 | I46: =F46-E46 -> -182026.33 | J46: =F46/E46 -> 0.53567831 | K46: 210000 | L46: 210000
A47: НАЦИОНАЛЬНАЯ ЭКОНОМИКА | B47: 707 | C47: 0400 | D47: =D48 -> 336224.88 | E47: =E48 -> 363785 | F47: =F48 -> 363768 | G47: =F47-D47 -> 27543.12 | H47: =F47/D47*100 -> 108.19187 | I47: =F47-E47 -> -17 | J47: =F47/E47 -> 0.99995327 | K47: =K48 -> 363768 | L47: =L48 -> 363768
A48: Транспорт | B48: 707 | C48: 0408 | D48: 336224.88 | E48: 363785 | F48: 363768 | G48: =F48-D48 -> 27543.12 | H48: =F48/D48*100 -> 108.19187 | I48: =F48-E48 -> -17 | J48: =F48/E48 -> 0.99995327 | K48: 363768 | L48: 363768
A49: ОБРАЗОВАНИЕ | B49: 707 | C49: 0700 | D49: =D50+D51+D52+D53+D54 -> 1.5955167e+09 | E49: =E50+E51+E52+E53+E54 -> 1.6433119e+09 | F49: =F50+F51+F52+F53+F54 -> 1.7765911e+09 | G49: =F49-D49 -> 1.8107433e+08 | H49: =F49/D49*100 -> 111.34895 | I49: =F49-E49 -> 1.332791e+08 | J49: =F49/E49 -> 1.081104 | K49: =K50+K51+K52+K53+K54 -> 1.8413904e+09 | L49: =L50+L51+L52+L53+L54 -> 1.8874145e+09
A50: Дошкольное образование | B50: 707 | C50: 0701 | D50: 7.5936442e+08 | E50: 7.6463489e+08 | F50: 8.5882474e+08 | G50: =F50-D50 -> 99460324 | H50: =F50/D50*100 -> 113.09784 | I50: =F50-E50 -> 94189855 | J50: =F50/E50 -> 1.1231828 | K50: 8.863214e+08 | L50: 9.0711662e+08
A51: Общее образование | B51: 707 | C51: 0702 | D51: 5.8625064e+08 | E51: 6.3757823e+08 | F51: 6.8115619e+08 | G51: =F51-D51 -> 94905549 | H51: =F51/D51*100 -> 116.18856 | I51: =F51-E51 -> 43577968 | J51: =F51/E51 -> 1.0683492 | K51: 7.1155952e+08 | L51: 7.3944085e+08
A52: Дополнительное образование детей | B52: 707 | C52: 0703 | D52: 1.3715833e+08 | E52: 1.4076532e+08 | F52: 1.3512369e+08 | G52: =F52-D52 -> -2034636 | H52: =F52/D52*100 -> 98.516579 | I52: =F52-E52 -> -5641624.4 | J52: =F52/E52 -> 0.95992177 | K52: 1.4016295e+08 | L52: 1.382838e+08
A53: Молодежная политика и оздоровление детей | B53: 707 | C53: 0707 | D53: 8954615.2 | E53: 7845485.4 | F53: 8106808.8 | G53: =F53-D53 -> -847806.46 | H53: =F53/D53*100 -> 90.532184 | I53: =F53-E53 -> 261323.35 | J53: =F53/E53 -> 1.0333088 | K53: 8106808.8 | L53: 7357044
A54: Другие вопросы в области образования | B54: 707 | C54: 0709 | D54: 1.0378871e+08 | E54: 92488033 | F54: 93379613 | G54: =F54-D54 -> -10409097 | H54: =F54/D54*100 -> 89.970878 | I54: =F54-E54 -> 891580.71 | J54: =F54/E54 -> 1.00964 | K54: 95239707 | L54: 95216179
A55: СОЦИАЛЬНАЯ ПОЛИТИКА | B55: 707 | C55: 1000 | D55: =D56+D57+D58 -> 52912165 | E55: =E56+E57+E58 -> 63007200 | F55: =F56+F57+F58 -> 69820400 | G55: =F55-D55 -> 16908235 | H55: =F55/D55*100 -> 131.95529 | I55: =F55-E55 -> 6813200 | J55: =F55/E55 -> 1.1081337 | K55: =K56+K57+K58 -> 69120600 | L55: =L56+L57+L58 -> 69415800
A56: Социальное обеспечение населения | B56: 707 | C56: 1003 | D56: 2915871 | E56: 2614700 | F56: 3072700 | G56: =F56-D56 -> 156829 | H56: =F56/D56*100 -> 105.37846 | I56: =F56-E56 -> 458000 | J56: =F56/E56 -> 1.1751635 | K56: 3249900 | L56: 3251600
A57: Охрана семьи и детства | B57: 707 | C57: 1004 | D57: 49437294 | E57: 59579500 | F57: 66747700 | G57: =F57-D57 -> 17310406 | H57: =F57/D57*100 -> 135.01487 | I57: =F57-E57 -> 7168200 | J57: =F57/E57 -> 1.1203132 | K57: 65870700 | L57: 66164200
A58: Другие вопросы в области социальной политики | B58: 707 | C58: 1006 | D58: 559000 | E58: 813000 | F58: 0 | G58: =F58-D58 -> -559000 | H58: =F58/D58*100 -> 0 | I58: =F58-E58 -> -813000 | J58: =F58/E58 -> 0 | K58: 0 | L58: 0
A59: Управление культуры и международных связей администрации ЗАТО г. Североморск | B59: 709 | C59: 0000 | D59: =D60+D63+D67+D70+D72 -> 3.4838871e+08 | E59: =E60+E63+E67+E70+E72 -> 3.7525702e+08 | F59: =F60+F63+F67+F70+F72 -> 3.8757139e+08 | G59: =F59-D59 -> 39182682 | H59: =F59/D59*100 -> 111.24683 | I59: =F59-E59 -> 12314371 | J59: =F59/E59 -> 1.0328158 | K59: =K60+K63+K67+K70+K72 -> 3.8267299e+08 | L59: =L60+L63+L67+L70+L72 -> 3.8170861e+08
A60: ОБЩЕГОСУДАРСТВЕННЫЕ ВОПРОСЫ | B60: 709 | C60: 0100 | D60: =D61+D62 -> 3757686.5 | E60: =E61+E62 -> 4181480.4 | F60: =F61+F62 -> 5647736.3 | G60: =F60-D60 -> 1890049.8 | H60: =F60/D60*100 -> 150.29823 | I60: =F60-E60 -> 1466255.9 | J60: =F60/E60 -> 1.3506547 | K60: =K61+K62 -> 5696059.1 | L60: =L61+L62 -> 5696059.1
A61: Функционирование Правительства Российской Федерации, высших исполнительных органов государственной власти субъектов Российской Федерации, местных администраций | B61: 709 | C61: 0104 | D61: 3521855.9 | E61: 4122680.4 | F61: 5591736.3 | G61: =F61-D61 -> 2069880.4 | H61: =F61/D61*100 -> 158.77243 | I61: =F61-E61 -> 1469055.9 | J61: =F61/E61 -> 1.3563351 | K61: 5640059.1 | L61: 5640059.1
A62: Другие общегосударственные вопросы | B62: 709 | C62: 0113 | D62: 235830.63 | E62: 58800 | F62: 56000 | G62: =F62-D62 -> -179830.63 | H62: =F62/D62*100 -> 23.745855 | I62: =F62-E62 -> -2800 | J62: =F62/E62 -> 0.95238095 | K62: 56000 | L62: 56000
A63: ОБРАЗОВАНИЕ | B63: 709 | C63: 0700 | D63: =D64+D65+D66 -> 1.099579e+08 | E63: =E64+E65+E66 -> 1.126162e+08 | F63: =F64+F65+F66 -> 1.1957598e+08 | G63: =F63-D63 -> 9618072.7 | H63: =F63/D63*100 -> 108.74705 | I63: =F63-E63 -> 6959778.5 | J63: =F63/E63 -> 1.0618009 | K63: =K64+K65+K66 -> 121934926 | L63: =L64+L65+L66 -> 122174858
A64: Дополнительное образование детей | B64: 709 | C64: 0703 | D64: 1.096619e+08 | E64: 1.0913392e+08 | F64: 1.1089952e+08 | G64: =F64-D64 -> 1237620.4 | H64: =F64/D64*100 -> 101.12858 | I64: =F64-E64 -> 1765606.3 | J64: =F64/E64 -> 1.0161783 | K64: 1.1309868e+08 | L64: 1.1332431e+08
A65: Молодежная политика и оздоровление детей | B65: 709 | C65: 0707 | D65: 0 | E65: 3329280.2 | F65: 8676452.3 | G65: =F65-D65 -> 8676452.3 | H65: 0 | I65: =F65-E65 -> 5347172.1 | J65: =F65/E65 -> 2.6061046 | K65: 8836246.8 | L65: 8850548.8
A66: Другие вопросы в области образования | B66: 709 | C66: 0709 | D66: 296000 | E66: 153000 | F66: 0 | G66: =F66-D66 -> -296000 | H66: =F66/D66*100 -> 0 | I66: =F66-E66 -> -153000 | J66: =F66/E66 -> 0 | K66: 0 | L66: 0
A67: КУЛЬТУРА, КИНЕМАТОГРАФИЯ | B67: 709 | C67: 0800 | D67: =D68+D69 -> 2.3467312e+08 | E67: =E68+E69 -> 2.4540561e+08 | F67: =F68+F69 -> 2.4701123e+08 | G67: =F67-D67 -> 12338117 | H67: =F67/D67*100 -> 105.25758 | I67: =F67-E67 -> 1605625.4 | J67: =F67/E67 -> 1.0065427 | K67: =K68+K69 -> 2.3984368e+08 | L67: =L68+L69 -> 2.3863399e+08
A68: Культура | B68: 709 | C68: 0801 | D68: 1.7851789e+08 | E68: 2.0377084e+08 | F68: 2.1024847e+08 | G68: =F68-D68 -> 31730582 | H68: =F68/D68*100 -> 117.77446 | I68: =F68-E68 -> 6477629.8 | J68: =F68/E68 -> 1.0317888 | K68: 2.0239999e+08 | L68: 2.0119029e+08
A69: Другие вопросы в области культуры, кинематографии | B69: 709 | C69: 0804 | D69: 56155225 | E69: 41634765 | F69: 36762760 | G69: =F69-D69 -> -19392465 | H69: =F69/D69*100 -> 65.466322 | I69: =F69-E69 -> -4872004.4 | J69: =F69/E69 -> 0.8829823 | K69: 37443698 | L69: 37443698
A70: ФИЗИЧЕСКАЯ КУЛЬТУРА И СПОРТ | B70: 709 | C70: 1100 | D70: =D71 -> 0 | E70: =E71 -> 2038779.1 | F70: =F71 -> 6531313.4 | G70: =F70-D70 -> 6531313.4 | H70: 0 | I70: =F70-E70 -> 4492534.3 | J70: =F70/E70 -> 3.2035414 | K70: =K71 -> 6229553 | L70: =L71 -> 6234940
A71: Другие вопросы в области физической культуры и спорта | B71: 709 | C71: 1105 | D71: 0 | E71: 2038779.1 | F71: 6531313.4 | G71: =F71-D71 -> 6531313.4 | H71: 0 | I71: =F71-E71 -> 4492534.3 | J71: =F71/E71 -> 3.2035414 | K71: 6229553 | L71: 6234940
A72: СРЕДСТВА МАССОВОЙ ИНФОРМАЦИИ | B72: 709 | C72: 1200 | D72: =D73+D74 -> 0 | E72: =E73+E74 -> 11014952 | F72: =F73+F74 -> 8805128.6 | G72: =F72-D72 -> 8805128.6 | H72: 0 | I72: =F72-E72 -> -2209823.4 | J72: =F72/E72 -> 0.79937966 | K72: =K73+K74 -> 8968765.1 | L72: =L73+L74 -> 8968765.1
A73: Телевидение и радиовещание | B73: 709 | C73: 1201 | D73: 0 | E73: 843080 | F73: 0 | G73: =F73-D73 -> 0 | H73: 0 | I73: =F73-E73 -> -843080 | J73: =F73/E73 -> 0 | K73: 0 | L73: 0
A74: Периодическая печать и издательства | B74: 709 | C74: 1202 | D74: 0 | E74: 10171872 | F74: 8805128.6 | G74: =F74-D74 -> 8805128.6 | H74: 0 | I74: =F74-E74 -> -1366743.4 | J74: =F74/E74 -> 0.86563502 | K74: 8968765.1 | L74: 8968765.1
A75: Комитет по развитию городского хозяйства Администрации ЗАТО г. Североморск | B75: 731 | C75: 0000 | D75: =D76+D79+D82+D87+D92+D94+D99+D102+D97 -> 2.6077467e+08 | E75: =E76+E79+E82+E87+E92+E94+E99+E102+E97 -> 9.541569e+08 | F75: =F76+F79+F82+F87+F92+F94+F99+F102+F97 -> 1.3998949e+09 | G75: =F75-D75 -> 1.1391202e+09 | H75: =F75/D75*100 -> 536.82165 | I75: =F75-E75 -> 4.4573798e+08 | J75: =F75/E75 -> 1.4671538 | K75: =K76+K79+K82+K87+K92+K94+K99+K102+K97 -> 5.2281901e+08 | L75: =L76+L79+L82+L87+L92+L94+L99+L102+L97 -> 3.2514741e+08
A76: ОБЩЕГОСУДАРСТВЕННЫЕ ВОПРОСЫ | B76: 731 | C76: 0100 | D76: =D77+D78 -> 12918429 | E76: =E77+E78 -> 71072164 | F76: =F77+F78 -> 67398338 | G76: =F76-D76 -> 54479909 | H76: =F76/D76*100 -> 521.72239 | I76: =F76-E76 -> -3673825.7 | J76: =F76/E76 -> 0.94830851 | K76: =K77+K78 -> 68765116 | L76: =L77+L78 -> 68959427
A77: Функционирование Правительства Российской Федерации, высших исполнительных органов государственной власти субъектов Российской Федерации, местных администраций | B77: 731 | C77: 0104 | D77: 12313809 | E77: 14407550 | F77: 14985738 | G77: =F77-D77 -> 2671928.5 | H77: =F77/D77*100 -> 121.69863 | I77: =F77-E77 -> 578187.85 | J77: =F77/E77 -> 1.0401309 | K77: 15310045 | L77: 15309205
A78: Другие общегосударственные вопросы | B78: 731 | C78: 0113 | D78: 604620.08 | E78: 56664614 | F78: 52412600 | G78: =F78-D78 -> 51807980 | H78: =F78/D78*100 -> 8668.6834 | I78: =F78-E78 -> -4252013.6 | J78: =F78/E78 -> 0.92496175 | K78: 53455072 | L78: 53650222
A79: НАЦИОНАЛЬНАЯ БЕЗОПАСНОСТЬ И ПРАВООХРАНИТЕЛЬНАЯ ДЕЯТЕЛЬНОСТЬ | B79: 731 | C79: 0300 | D79: =D80+D81 -> 0 | E79: =E80+E81 -> 9948614.7 | F79: =F80+F81 -> 8798137 | G79: =F79-D79 -> 8798137 | H79: 0 | I79: =F79-E79 -> -1150477.7 | J79: =F79/E79 -> 0.884358 | K79: =K80+K81 -> 8965838 | L79: =L80+L81 -> 8965838
A80: Защита населения и территории от чрезвычайных ситуаций природного и техногенного характера, гражданская оборона | B80: 731 | C80: 0309 | D80: 0 | E80: 7369214.7 | F80: 7943737 | G80: =F80-D80 -> 7943737 | H80: 0 | I80: =F80-E80 -> 574522.31 | J80: =F80/E80 -> 1.0779625 | K80: 8111438 | L80: 8111438
A81: Другие вопросы в области национальной безопасности и правоохранительной деятельности | B81: 731 | C81: 0314 | D81: 0 | E81: 2579400 | F81: 854400 | G81: =F81-D81 -> 854400 | H81: 0 | I81: =F81-E81 -> -1725000 | J81: =F81/E81 -> 0.33123982 | K81: 854400 | L81: 854400
A82: НАЦИОНАЛЬНАЯ ЭКОНОМИКА | B82: 731 | C82: 0400 | D82: =D83+D84+D85+D86 -> 1.270318e+08 | E82: =E83+E84+E85+E86 -> 2.1574725e+08 | F82: =F83+F84+F85+F86 -> 2.0193361e+08 | G82: =F82-D82 -> 74901813 | H82: =F82/D82*100 -> 158.96304 | I82: =F82-E82 -> -13813635 | J82: =F82/E82 -> 0.93597306 | K82: =K83+K84+K85+K86 -> 1.5721779e+08 | L82: =L83+L84+L85+L86 -> 1.5857135e+08
A83: Сельское хозяйство и рыболовство | B83: 731 | C83: 0405 | D83: 7759961.3 | E83: 10203950 | F83: 10395640 | G83: =F83-D83 -> 2635678.7 | H83: =F83/D83*100 -> 133.9651 | I83: =F83-E83 -> 191690 | J83: =F83/E83 -> 1.0187859 | K83: 10945102 | L83: 10945882
A84: Транспорт | B84: 731 | C84: 0408 | D84: 20349901 | E84: 18875584 | F84: 19900000 | G84: =F84-D84 -> -449901.07 | H84: =F84/D84*100 -> 97.789173 | I84: =F84-E84 -> 1024415.7 | J84: =F84/E84 -> 1.054272 | K84: 20000000 | L84: 21348079
A85: Дорожное хозяйство (дорожные фонды) | B85: 731 | C85: 0409 | D85: 98822825 | E85: 1.8656761e+08 | F85: 1.7152467e+08 | G85: =F85-D85 -> 72701845 | H85: =F85/D85*100 -> 173.56787 | I85: =F85-E85 -> -15042941 | J85: =F85/E85 -> 0.91937003 | K85: 126155690 | L85: 126155690
A86: Другие вопросы в области национальной экономики | B86: 731 | C86: 0412 | D86: 99109.54 | E86: 100100 | F86: 113300 | G86: =F86-D86 -> 14190.46 | H86: =F86/D86*100 -> 114.31796 | I86: =F86-E86 -> 13200 | J86: =F86/E86 -> 1.1318681 | K86: 117000 | L86: 121700
A87: ЖИЛИЩНО-КОММУНАЛЬНОЕ ХОЗЯЙСТВО | B87: 731 | C87: 0500 | D87: =D88+D89+D90+D91 -> 119110166 | E87: =E88+E89+E90+E91 -> 1.5465352e+08 | F87: =F88+F89+F90+F91 -> 1.4976858e+08 | G87: =F87-D87 -> 30658417 | H87: =F87/D87*100 -> 125.73955 | I87: =F87-E87 -> -4884932.9 | J87: =F87/E87 -> 0.9684137 | K87: =K88+K89+K90+K91 -> 86640424 | L87: =L88+L89+L90+L91 -> 86302958
A88: Жилищное хозяйство | B88: 731 | C88: 0501 | D88: 1689851.1 | E88: 5538817.8 | F88: 4600000 | G88: =F88-D88 -> 2910148.9 | H88: =F88/D88*100 -> 272.21333 | I88: =F88-E88 -> -938817.79 | J88: =F88/E88 -> 0.83050214 | K88: 4100000 | L88: 4100000
A89: Коммунальное хозяйство | B89: 731 | C89: 0502 | D89: 5577938.8 | E89: 19929680 | F89: 27688508 | G89: =F89-D89 -> 22110569 | H89: =F89/D89*100 -> 496.39318 | I89: =F89-E89 -> 7758828.5 | J89: =F89/E89 -> 1.3893102 | K89: 12246500 | L89: 12146500
A90: Благоустройство | B90: 731 | C90: 0503 | D90: 83800403 | E90: 1.0051665e+08 | F90: =63640356.19+25000000 -> 88640356 | G90: =F90-D90 -> 4839952.8 | H90: =F90/D90*100 -> 105.77557 | I90: =F90-E90 -> -11876296 | J90: =F90/E90 -> 0.88184748 | K90: 40874053 | L90: 40554254
A91: Другие вопросы в области жилищно-коммунального хозяйства | B91: 731 | C91: 0505 | D91: 28041973 | E91: 28668366 | F91: 28839719 | G91: =F91-D91 -> 797746.47 | H91: =F91/D91*100 -> 102.84483 | I91: =F91-E91 -> 171352.7 | J91: =F91/E91 -> 1.0059771 | K91: 29419871 | L91: 29502204
A92: ОХРАНА ОКРУЖАЮЩЕЙ СРЕДЫ | B92: 731 | C92: 0600 | D92: =D93 -> 523000 | E92: =E93 -> 700000 | F92: =F93 -> 1200000 | G92: =F92-D92 -> 677000 | H92: =F92/D92*100 -> 229.44551 | I92: =F92-E92 -> 500000 | J92: =F92/E92 -> 1.7142857 | K92: =K93 -> 0 | L92: =L93 -> 0
A93: Другие вопросы в области охраны окружающей среды | B93: 731 | C93: 0605 | D93: 523000 | E93: 700000 | F93: 1200000 | G93: =F93-D93 -> 677000 | H93: =F93/D93*100 -> 229.44551 | I93: =F93-E93 -> 500000 | J93: =F93/E93 -> 1.7142857 | K93: 0 | L93: 0
A94: ОБРАЗОВАНИЕ | B94: 731 | C94: 0700 | D94: =D95+D96 -> 0 | E94: =E95+E96 -> 4.9865514e+08 | F94: =F95+F96 -> 9.6849129e+08 | G94: =F94-D94 -> 9.6849129e+08 | H94: 0 | I94: =F94-E94 -> 4.6983615e+08 | J94: =F94/E94 -> 1.9422066 | K94: =K95+K96 -> 198882007 | L94: =L95+L96 -> 0
A95: Дошкольное образование | B95: 731 | C95: 0701 | D95: 0 | E95: 1.0862452e+08 | F95: 190865500 | G95: =F95-D95 -> 190865500 | H95: 0 | I95: =F95-E95 -> 82240984 | J95: =F95/E95 -> 1.7571125 | K95: 198882007 | L95: 0
A96: Общее образование | B96: 731 | C96: 0702 | D96: 0 | E96: 3.9003062e+08 | F96: 7.7762579e+08 | G96: =F96-D96 -> 7.7762579e+08 | H96: 0 | I96: =F96-E96 -> 3.8759516e+08 | J96: =F96/E96 -> 1.9937557 | K96: 0 | L96: 0
A97: КУЛЬТУРА, КИНЕМАТОГРАФИЯ | B97: 731 | C97: 0800 | D97: =D98 -> 0 | E97: =E98 -> 1665860 | F97: =F98 -> 1484000 | G97: =F97-D97 -> 1484000 | H97: 0 | I97: =F97-E97 -> -181860 | J97: =F97/E97 -> 0.89083116 | K97: =K98 -> 1500000 | L97: =L98 -> 1500000
A98: Другие вопросы в области культуры, кинематографии | B98: 731 | C98: 0804 | D98: 0 | E98: 1665860 | F98: 1484000 | G98: =F98-D98 -> 1484000 | H98: 0 | I98: =F98-E98 -> -181860 | J98: =F98/E98 -> 0.89083116 | K98: 1500000 | L98: 1500000
A99: СОЦИАЛЬНАЯ ПОЛИТИКА | B99: 731 | C99: 1000 | D99: =D100+D101 -> 399150.92 | E99: =E100+E101 -> 618158 | F99: =F100+F101 -> 820928 | G99: =F99-D99 -> 421777.08 | H99: =F99/D99*100 -> 205.66857 | I99: =F99-E99 -> 202770 | J99: =F99/E99 -> 1.3280229 | K99: =K100+K101 -> 847831 | L99: =L100+L101 -> 847831
A100: Социальное обеспечение населения | B100: 731 | C100: 1003 | D100: 94150.92 | E100: 415500 | F100: 407400 | G100: =F100-D100 -> 313249.08 | H100: =F100/D100*100 -> 432.70953 | I100: =F100-E100 -> -8100 | J100: =F100/E100 -> 0.98050542 | K100: 407400 | L100: 407400
A101: Другие вопросы в области социальной политики | B101: 731 | C101: 1006 | D101: 305000 | E101: 202658 | F101: 413528 | G101: =F101-D101 -> 108528 | H101: =F101/D101*100 -> 135.58295 | I101: =F101-E101 -> 210870 | J101: =F101/E101 -> 2.0405215 | K101: 440431 | L101: 440431
A102: ФИЗИЧЕСКАЯ КУЛЬТУРА И СПОРТ | B102: 731 | C102: 1100 | D102: =D103 -> 792126.39 | E102: =E103 -> 1096200.9 | F102: =F103 -> 0 | G102: =F102-D102 -> -792126.39 | H102: =F102/D102*100 -> 0 | I102: =F102-E102 -> -1096200.9 | J102: =F102/E102 -> 0 | K102: =K103 -> 0 | L102: =L103 -> 0
...

Sheet в тыс.руб.
A1: Прогноз расходов на 2020-2022 годы (по ведомствам, разделам, подразделам)
L3: тыс.руб.
A4: Наименование показателя | B4: Глава | C4: Раздел/ подраздел | D4: Отчет 2018 год | E4: Уточненная роспись на 01.10.19 год | F4: Проект 2020 год | G4: Отклонение | K4: Проект 2021 год | L4: Проект 2022 год
G5: к отчету 2018 года | I5: к плану 2019 года
G6: Сумма | H6: (%) | I6: Сумма | J6: (%)
A7: Администрация ЗАТО г. Североморск | B7: 701 | C7: 0000 | D7: ='40204810200000000013'!D6/1000 -> 294740.06 | E7: ='40204810200000000013'!E6/1000 -> 107905.07 | F7: ='40204810200000000013'!F6/1000 -> 112698.18 | G7: =F7-D7 -> -182041.89 | H7: =F7/D7*100 -> 38.236463 | I7: =F7-E7 -> 4793.109 | J7: =F7/E7 -> 1.0444197 | K7: ='40204810200000000013'!K6/1000 -> 103849 | L7: ='40204810200000000013'!L6/1000 -> 104100.8
A8: ОБЩЕГОСУДАРСТВЕННЫЕ ВОПРОСЫ | B8: 701 | C8: 0100 | D8: ='40204810200000000013'!D7/1000 -> 106434.06 | E8: ='40204810200000000013'!E7/1000 -> 53635.888 | F8: ='40204810200000000013'!F7/1000 -> 62095.416 | G8: =F8-D8 -> -44338.647 | H8: =F8/D8*100 -> 58.341676 | I8: =F8-E8 -> 8459.5275 | J8: =F8/E8 -> 1.1577214 | K8: ='40204810200000000013'!K7/1000 -> 53563.073 | L8: ='40204810200000000013'!L7/1000 -> 53782.008
A9: Функционирование высшего должностного лица субъекта Российской Федерации и муниципального образования | B9: 701 | C9: 0102 | D9: ='40204810200000000013'!D8/1000 -> 2594.5369 | E9: ='40204810200000000013'!E8/1000 -> 2971.082 | F9: ='40204810200000000013'!F8/1000 -> 3066.027 | G9: =F9-D9 -> 471.49018 | H9: =F9/D9*100 -> 118.17242 | I9: =F9-E9 -> 94.94505 | J9: =F9/E9 -> 1.0319564 | K9: ='40204810200000000013'!K8/1000 -> 3225.5661 | L9: ='40204810200000000013'!L8/1000 -> 3125.5661
A10: Функционирование Правительства Российской Федерации, высших исполнительных органов государственной власти субъектов Российской Федерации, местных администраций | B10: 701 | C10: 0104 | D10: ='40204810200000000013'!D9/1000 -> 45866.703 | E10: ='40204810200000000013'!E9/1000 -> 45020.085 | F10: ='40204810200000000013'!F9/1000 -> 44747.013 | G10: =F10-D10 -> -1119.6893 | H10: =F10/D10*100 -> 97.558819 | I10: =F10-E10 -> -273.07152 | J10: =F10/E10 -> 0.99393445 | K10: ='40204810200000000013'!K9/1000 -> 45721.181 | L10: ='40204810200000000013'!L9/1000 -> 45721.181
A11: Судебная система | B11: 701 | C11: 0105 | D11: ='40204810200000000013'!D10/1000 -> 42 | E11: ='40204810200000000013'!E10/1000 -> 12.08064 | F11: ='40204810200000000013'!F10/1000 -> 11.32 | G11: =F11-D11 -> -30.68 | H11: =F11/D11*100 -> 26.952381 | I11: =F11-E11 -> -0.76064 | J11: =F11/E11 -> 0.93703645 | K11: ='40204810200000000013'!K10/1000 -> 12.19764 | L11: ='40204810200000000013'!L10/1000 -> 111.38518
A12: Обеспечение проведения выборов и референдумов | B12: 701 | C12: 0107 | D12: ='40204810200000000013'!D11/1000 -> 1312.5 | E12: ='40204810200000000013'!E11/1000 -> 0 | F12: ='40204810200000000013'!F11/1000 -> 7960.3 | G12: =F12-D12 -> 6647.8 | H12: =F12/D12*100 -> 606.49905 | I12: =F12-E12 -> 7960.3 | J12: 0 | K12: ='40204810200000000013'!K11/1000 -> 0 | L12: ='40204810200000000013'!L11/1000 -> 0
A13: Другие общегосударственные вопросы | B13: 701 | C13: 0113 | D13: ='40204810200000000013'!D12/1000 -> 56618.324 | E13: ='40204810200000000013'!E12/1000 -> 5632.6408 | F13: ='40204810200000000013'!F12/1000 -> 6310.7554 | G13: =F13-D13 -> -50307.568 | H13: =F13/D13*100 -> 11.146136 | I13: =F13-E13 -> 678.11459 | J13: =F13/E13 -> 1.1203902 | K13: ='40204810200000000013'!K12/1000 -> 4604.1287 | L13: ='40204810200000000013'!L12/1000 -> 4823.8762
A14: НАЦИОНАЛЬНАЯ БЕЗОПАСНОСТЬ И ПРАВООХРАНИТЕЛЬНАЯ ДЕЯТЕЛЬНОСТЬ | B14: 701 | C14: 0300 | D14: ='40204810200000000013'!D13/1000 -> 11972.053 | E14: ='40204810200000000013'!E13/1000 -> 4457.475 | F14: ='40204810200000000013'!F13/1000 -> 3795.972 | G14: =F14-D14 -> -8176.0815 | H14: =F14/D14*100 -> 31.706942 | I14: =F14-E14 -> -661.503 | J14: =F14/E14 -> 0.85159692 | K14: ='40204810200000000013'!K13/1000 -> 2699.742 | L14: ='40204810200000000013'!L13/1000 -> 2684.379
A15: Органы юстиции | B15: 701 | C15: 0304 | D15: ='40204810200000000013'!D14/1000 -> 3982.6479 | E15: ='40204810200000000013'!E14/1000 -> 4367.475 | F15: ='40204810200000000013'!F14/1000 -> 3655.972 | G15: =F15-D15 -> -326.67592 | H15: =F15/D15*100 -> 91.797519 | I15: =F15-E15 -> -711.503 | J15: =F15/E15 -> 0.83709054 | K15: ='40204810200000000013'!K14/1000 -> 2559.742 | L15: ='40204810200000000013'!L14/1000 -> 2542.579
A16: Защита населения и территории от чрезвычайных ситуаций природного и техногенного характера, гражданская оборона | B16: 701 | C16: 0309 | D16: ='40204810200000000013'!D15/1000 -> 7202.9709 | E16: ='40204810200000000013'!E15/1000 -> 0 | F16: ='40204810200000000013'!F15/1000 -> 0 | G16: =F16-D16 -> -7202.9709 | H16: =F16/D16*100 -> 0 | I16: =F16-E16 -> 0 | J16: 0 | K16: ='40204810200000000013'!K15/1000 -> 0 | L16: ='40204810200000000013'!L15/1000 -> 0
A17: Другие вопросы в области национальной безопасности и правоохранительной деятельности | B17: 701 | C17: 0314 | D17: ='40204810200000000013'!D16/1000 -> 786.43467 | E17: ='40204810200000000013'!E16/1000 -> 90 | F17: ='40204810200000000013'!F16/1000 -> 140 | G17: =F17-D17 -> -646.43467 | H17: =F17/D17*100 -> 17.80186 | I17: =F17-E17 -> 50 | J17: =F17/E17 -> 1.5555556 | K17: ='40204810200000000013'!K16/1000 -> 140 | L17: ='40204810200000000013'!L16/1000 -> 141.8
A18: НАЦИОНАЛЬНАЯ ЭКОНОМИКА | B18: 701 | C18: 0400 | D18: ='40204810200000000013'!D17/1000 -> 24577.598 | E18: ='40204810200000000013'!E17/1000 -> 29581.219 | F18: ='40204810200000000013'!F17/1000 -> 26272.167 | G18: =F18-D18 -> 1694.5691 | H18: =F18/D18*100 -> 106.89477 | I18: =F18-E18 -> -3309.0513 | J18: =F18/E18 -> 0.88813675 | K18: ='40204810200000000013'!K17/1000 -> 26820.851 | L18: ='40204810200000000013'!L17/1000 -> 26772.574
A19: Связь и информатика | B19: 701 | C19: 0410 | D19: ='40204810200000000013'!D18/1000 -> 23921.957 | E19: ='40204810200000000013'!E18/1000 -> 25022.951 | F19: ='40204810200000000013'!F18/1000 -> 25822.461 | G19: =F19-D19 -> 1900.5041 | H19: =F19/D19*100 -> 107.9446 | I19: =F19-E19 -> 799.51026 | J19: =F19/E19 -> 1.0319511 | K19: ='40204810200000000013'!K18/1000 -> 26367.775 | L19: ='40204810200000000013'!L18/1000 -> 26367.775
A20: Другие вопросы в области национальной экономики | B20: 701 | C20: 0412 | D20: ='40204810200000000013'!D19/1000 -> 655.64104 | E20: ='40204810200000000013'!E19/1000 -> 4558.2675 | F20: ='40204810200000000013'!F19/1000 -> 449.706 | G20: =F20-D20 -> -205.93504 | H20: =F20/D20*100 -> 68.590276 | I20: =F20-E20 -> -4108.5615 | J20: =F20/E20 -> 0.098657219 | K20: ='40204810200000000013'!K19/1000 -> 453.076 | L20: ='40204810200000000013'!L19/1000 -> 404.799
A21: ОБРАЗОВАНИЕ | B21: 701 | C21: 0700 | D21: ='40204810200000000013'!D20/1000 -> 117601.38 | E21: ='40204810200000000013'!E20/1000 -> 130.85998 | F21: ='40204810200000000013'!F20/1000 -> 0 | G21: =F21-D21 -> -117601.38 | H21: =F21/D21*100 -> 0 | I21: =F21-E21 -> -130.85998 | J21: =F21/E21 -> 0 | K21: ='40204810200000000013'!K20/1000 -> 0 | L21: ='40204810200000000013'!L20/1000 -> 0
A22: Дошкольное образование | B22: 701 | C22: 0701 | D22: ='40204810200000000013'!D21/1000 -> 72739.053 | E22: ='40204810200000000013'!E21/1000 -> 0 | F22: ='40204810200000000013'!F21/1000 -> 0 | G22: =F22-D22 -> -72739.053 | H22: =F22/D22*100 -> 0 | I22: =F22-E22 -> 0 | J22: 0 | K22: ='40204810200000000013'!K21/1000 -> 0 | L22: ='40204810200000000013'!L21/1000 -> 0
A23: Общее образование | B23: 701 | C23: 0702 | D23: ='40204810200000000013'!D22/1000 -> 44291.5 | E23: ='40204810200000000013'!E22/1000 -> 0 | F23: ='40204810200000000013'!F22/1000 -> 0 | G23: =F23-D23 -> -44291.5 | H23: =F23/D23*100 -> 0 | I23: =F23-E23 -> 0 | J23: 0 | K23: ='40204810200000000013'!K22/1000 -> 0 | L23: ='40204810200000000013'!L22/1000 -> 0
A24: Молодежная политика и оздоровление детей | B24: 701 | C24: 0707 | D24: ='40204810200000000013'!D23/1000 -> 570.82518 | E24: ='40204810200000000013'!E23/1000 -> 130.85998 | F24: ='40204810200000000013'!F23/1000 -> 0 | G24: =F24-D24 -> -570.82518 | H24: =F24/D24*100 -> 0 | I24: =F24-E24 -> -130.85998 | J24: =F24/E24 -> 0 | K24: ='40204810200000000013'!K23/1000 -> 0 | L24: ='40204810200000000013'!L23/1000 -> 0
A25: СОЦИАЛЬНАЯ ПОЛИТИКА | B25: 701 | C25: 1000 | D25: ='40204810200000000013'!D24/1000 -> 15812.54 | E25: ='40204810200000000013'!E24/1000 -> 18646.44 | F25: ='40204810200000000013'!F24/1000 -> 20534.62 | G25: =F25-D25 -> 4722.0795 | H25: =F25/D25*100 -> 129.86288 | I25: =F25-E25 -> 1888.18 | J25: =F25/E25 -> 1.1012622 | K25: ='40204810200000000013'!K24/1000 -> 20765.336 | L25: ='40204810200000000013'!L24/1000 -> 20861.836
A26: Пенсионное обеспечение | B26: 701 | C26: 1001 | D26: ='40204810200000000013'!D25/1000 -> 5155.6245 | E26: ='40204810200000000013'!E25/1000 -> 5519.04 | F26: ='40204810200000000013'!F25/1000 -> 6748.72 | G26: =F26-D26 -> 1593.0955 | H26: =F26/D26*100 -> 130.90015 | I26: =F26-E26 -> 1229.68 | J26: =F26/E26 -> 1.2228069 | K26: ='40204810200000000013'!K25/1000 -> 6899.4358 | L26: ='40204810200000000013'!L25/1000 -> 6899.4358
A27: Социальное обеспечение населения | B27: 701 | C27: 1003 | D27: ='40204810200000000013'!D26/1000 -> 8589.1612 | E27: ='40204810200000000013'!E26/1000 -> 10970.7 | F27: ='40204810200000000013'!F26/1000 -> 11470.7 | G27: =F27-D27 -> 2881.5388 | H27: =F27/D27*100 -> 133.54855 | I27: =F27-E27 -> 500 | J27: =F27/E27 -> 1.0455759 | K27: ='40204810200000000013'!K26/1000 -> 11472.9 | L27: ='40204810200000000013'!L26/1000 -> 11475.6
A28: Охрана семьи и детства | B28: 701 | C28: 1004 | D28: ='40204810200000000013'!D27/1000 -> 2067.7548 | E28: ='40204810200000000013'!E27/1000 -> 2156.7 | F28: ='40204810200000000013'!F27/1000 -> 2315.2 | G28: =F28-D28 -> 247.44524 | H28: =F28/D28*100 -> 111.96686 | I28: =F28-E28 -> 158.5 | J28: =F28/E28 -> 1.0734919 | K28: ='40204810200000000013'!K27/1000 -> 2393 | L28: ='40204810200000000013'!L27/1000 -> 2486.8
A29: ФИЗИЧЕСКАЯ КУЛЬТУРА И СПОРТ | B29: 701 | C29: 1100 | D29: ='40204810200000000013'!D28/1000 -> 1821.2594 | E29: ='40204810200000000013'!E28/1000 -> 1453.1842 | F29: ='40204810200000000013'!F28/1000 -> 0 | G29: =F29-D29 -> -1821.2594 | H29: =F29/D29*100 -> 0 | I29: =F29-E29 -> -1453.1842 | J29: =F29/E29 -> 0 | K29: ='40204810200000000013'!K28/1000 -> 0 | L29: ='40204810200000000013'!L28/1000 -> 0
A30: Другие вопросы в области физической культуры и спорта | B30: 701 | C30: 1105 | D30: ='40204810200000000013'!D29/1000 -> 1821.2594 | E30: ='40204810200000000013'!E29/1000 -> 1453.1842 | F30: ='40204810200000000013'!F29/1000 -> 0 | G30: =F30-D30 -> -1821.2594 | H30: =F30/D30*100 -> 0 | I30: =F30-E30 -> -1453.1842 | J30: =F30/E30 -> 0 | K30: ='40204810200000000013'!K29/1000 -> 0 | L30: ='40204810200000000013'!L29/1000 -> 0
A31: СРЕДСТВА МАССОВОЙ ИНФОРМАЦИИ | B31: 701 | C31: 1200 | D31: ='40204810200000000013'!D30/1000 -> 16521.168 | E31: ='40204810200000000013'!E30/1000 -> 0 | F31: ='40204810200000000013'!F30/1000 -> 0 | G31: =F31-D31 -> -16521.168 | H31: =F31/D31*100 -> 0 | I31: =F31-E31 -> 0 | J31: 0 | K31: ='40204810200000000013'!K30/1000 -> 0 | L31: ='40204810200000000013'!L30/1000 -> 0
A32: Телевидение и радиовещание | B32: 701 | C32: 1201 | D32: ='40204810200000000013'!D31/1000 -> 5378.0697 | E32: ='40204810200000000013'!E31/1000 -> 0 | F32: ='40204810200000000013'!F31/1000 -> 0 | G32: =F32-D32 -> -5378.0697 | H32: =F32/D32*100 -> 0 | I32: =F32-E32 -> 0 | J32: 0 | K32: ='40204810200000000013'!K31/1000 -> 0 | L32: ='40204810200000000013'!L31/1000 -> 0
A33: Периодическая печать и издательства | B33: 701 | C33: 1202 | D33: ='40204810200000000013'!D32/1000 -> 11143.098 | E33: ='40204810200000000013'!E32/1000 -> 0 | F33: ='40204810200000000013'!F32/1000 -> 0 | G33: =F33-D33 -> -11143.098 | H33: =F33/D33*100 -> 0 | I33: =F33-E33 -> 0 | J33: 0 | K33: ='40204810200000000013'!K32/1000 -> 0 | L33: ='40204810200000000013'!L32/1000 -> 0
A34: Управление финансов администрации ЗАТО г. Североморск | B34: 703 | C34: 0000 | D34: ='40204810200000000013'!D33/1000 -> 52084.305 | E34: ='40204810200000000013'!E33/1000 -> 70401.754 | F34: ='40204810200000000013'!F33/1000 -> 51611.828 | G34: =F34-D34 -> -472.47676 | H34: =F34/D34*100 -> 99.092862 | I34: =F34-E34 -> -18789.926 | J34: =F34/E34 -> 0.73310429 | K34: ='40204810200000000013'!K33/1000 -> 66488.411 | L34: ='40204810200000000013'!L33/1000 -> 71250.799
A35: ОБЩЕГОСУДАРСТВЕННЫЕ ВОПРОСЫ | B35: 703 | C35: 0100 | D35: ='40204810200000000013'!D34/1000 -> 43306.979 | E35: ='40204810200000000013'!E34/1000 -> 50109.516 | F35: ='40204810200000000013'!F34/1000 -> 33704.696 | G35: =F35-D35 -> -9602.2822 | H35: =F35/D35*100 -> 77.827402 | I35: =F35-E35 -> -16404.819 | J35: =F35/E35 -> 0.67262068 | K35: ='40204810200000000013'!K34/1000 -> 29224.538 | L35: ='40204810200000000013'!L34/1000 -> 29246.03
A36: Функционирование Правительства Российской Федерации, высших исполнительных органов государственной власти субъектов Российской Федерации, местных администраций | B36: 703 | C36: 0104 | D36: ='40204810200000000013'!D35/1000 -> 17631.425 | E36: ='40204810200000000013'!E35/1000 -> 21304.356 | F36: ='40204810200000000013'!F35/1000 -> 20248.301 | G36: =F36-D36 -> 2616.8759 | H36: =F36/D36*100 -> 114.84211 | I36: =F36-E36 -> -1056.0547 | J36: =F36/E36 -> 0.9504301 | K36: ='40204810200000000013'!K35/1000 -> 20677.438 | L36: ='40204810200000000013'!L35/1000 -> 20687.93
A37: Резервные фонды | B37: 703 | C37: 0111 | D37: ='40204810200000000013'!D36/1000 -> 0 | E37: ='40204810200000000013'!E36/1000 -> 3000 | F37: ='40204810200000000013'!F36/1000 -> 3000 | G37: =F37-D37 -> 3000 | H37: 0 | I37: =F37-E37 -> 0 | J37: =F37/E37 -> 1 | K37: ='40204810200000000013'!K36/1000 -> 3000 | L37: ='40204810200000000013'!L36/1000 -> 3000
A38: Другие общегосударственные вопросы | B38: 703 | C38: 0113 | D38: ='40204810200000000013'!D37/1000 -> 25675.554 | E38: ='40204810200000000013'!E37/1000 -> 25805.16 | F38: ='40204810200000000013'!F37/1000 -> 10456.395 | G38: =F38-D38 -> -15219.158 | H38: =F38/D38*100 -> 40.725102 | I38: =F38-E38 -> -15348.764 | J38: =F38/E38 -> 0.40520561 | K38: ='40204810200000000013'!K37/1000 -> 5547.1 | L38: ='40204810200000000013'!L37/1000 -> 5558.1
A39: ЖИЛИЩНО-КОММУНАЛЬНОЕ ХОЗЯЙСТВО | B39: 703 | C39: 0500 | D39: ='40204810200000000013'!D38/1000 -> 0 | E39: ='40204810200000000013'!E38/1000 -> 3077.5454 | F39: ='40204810200000000013'!F38/1000 -> 0 | G39: =F39-D39 -> 0 | H39: 0 | I39: =F39-E39 -> -3077.5454 | J39: =F39/E39 -> 0 | K39: ='40204810200000000013'!K38/1000 -> 0 | L39: ='40204810200000000013'!L38/1000 -> 0
A40: Жилищное хозяйство | B40: 703 | C40: 0501 | D40: ='40204810200000000013'!D39/1000 -> 0 | E40: ='40204810200000000013'!E39/1000 -> 2300.4094 | F40: ='40204810200000000013'!F39/1000 -> 0 | G40: =F40-D40 -> 0 | H40: 0 | I40: =F40-E40 -> -2300.4094 | J40: =F40/E40 -> 0 | K40: ='40204810200000000013'!K39/1000 -> 0 | L40: ='40204810200000000013'!L39/1000 -> 0
A41: Коммунальное хозяйство | B41: 703 | C41: 0502 | D41: ='40204810200000000013'!D40/1000 -> 0 | E41: ='40204810200000000013'!E40/1000 -> 777.136 | F41: ='40204810200000000013'!F40/1000 -> 0 | G41: =F41-D41 -> 0 | H41: 0 | I41: =F41-E41 -> -777.136 | J41: =F41/E41 -> 0 | K41: ='40204810200000000013'!K40/1000 -> 0 | L41: ='40204810200000000013'!L40/1000 -> 0
A42: ОБСЛУЖИВАНИЕ ГОСУДАРСТВЕННОГО И МУНИЦИПАЛЬНОГО ДОЛГА | B42: 703 | C42: 1300 | D42: ='40204810200000000013'!D41/1000 -> 8777.326 | E42: ='40204810200000000013'!E41/1000 -> 17214.693 | F42: ='40204810200000000013'!F41/1000 -> 17907.131 | G42: =F42-D42 -> 9129.8055 | H42: =F42/D42*100 -> 204.0158 | I42: =F42-E42 -> 692.43853 | J42: =F42/E42 -> 1.0402237 | K42: ='40204810200000000013'!K41/1000 -> 37263.874 | L42: ='40204810200000000013'!L41/1000 -> 42004.769
A43: Обслуживание государственного внутреннего и муниципального долга | B43: 703 | C43: 1301 | D43: ='40204810200000000013'!D42/1000 -> 8777.326 | E43: ='40204810200000000013'!E42/1000 -> 17214.693 | F43: ='40204810200000000013'!F42/1000 -> 17907.131 | G43: =F43-D43 -> 9129.8055 | H43: =F43/D43*100 -> 204.0158 | I43: =F43-E43 -> 692.43853 | J43: =F43/E43 -> 1.0402237 | K43: ='40204810200000000013'!K42/1000 -> 37263.874 | L43: ='40204810200000000013'!L42/1000 -> 42004.769
A44: Управление образования администрации ЗАТО г. Североморск | B44: 707 | C44: 0000 | D44: ='40204810200000000013'!D43/1000 -> 1655088.7 | E44: ='40204810200000000013'!E43/1000 -> 1712308.4 | F44: ='40204810200000000013'!F43/1000 -> 1852688.8 | G44: =F44-D44 -> 197600.08 | H44: =F44/D44*100 -> 111.93894 | I44: =F44-E44 -> 140380.37 | J44: =F44/E44 -> 1.0819831 | K44: ='40204810200000000013'!K43/1000 -> 1916633.4 | L44: ='40204810200000000013'!L43/1000 -> 1963227.7
A45: ОБЩЕГОСУДАРСТВЕННЫЕ ВОПРОСЫ | B45: 707 | C45: 0100 | D45: ='40204810200000000013'!D44/1000 -> 6323.5741 | E45: ='40204810200000000013'!E44/1000 -> 5625.4554 | F45: ='40204810200000000013'!F44/1000 -> 5913.5406 | G45: =F45-D45 -> -410.03345 | H45: =F45/D45*100 -> 93.515796 | I45: =F45-E45 -> 288.08519 | J45: =F45/E45 -> 1.051211 | K45: ='40204810200000000013'!K44/1000 -> 5758.6569 | L45: ='40204810200000000013'!L44/1000 -> 6033.6569
A46: Функционирование Правительства Российской Федерации, высших исполнительных органов государственной власти субъектов Российской Федерации, местных администраций | B46: 707 | C46: 0104 | D46: ='40204810200000000013'!D45/1000 -> 5730.1494 | E46: ='40204810200000000013'!E45/1000 -> 5233.4291 | F46: ='40204810200000000013'!F45/1000 -> 5703.5406 | G46: =F46-D46 -> -26.60882 | H46: =F46/D46*100 -> 99.535635 | I46: =F46-E46 -> 470.11152 | J46: =F46/E46 -> 1.0898286 | K46: ='40204810200000000013'!K45/1000 -> 5548.6569 | L46: ='40204810200000000013'!L45/1000 -> 5823.6569
A47: Другие общегосударственные вопросы | B47: 707 | C47: 0113 | D47: ='40204810200000000013'!D46/1000 -> 593.42463 | E47: ='40204810200000000013'!E46/1000 -> 392.02633 | F47: ='40204810200000000013'!F46/1000 -> 210 | G47: =F47-D47 -> -383.42463 | H47: =F47/D47*100 -> 35.387813 | I47: =F47-E47 -> -182.02633 | J47: =F47/E47 -> 0.53567831 | K47: ='40204810200000000013'!K46/1000 -> 210 | L47: ='40204810200000000013'!L46/1000 -> 210
A48: НАЦИОНАЛЬНАЯ ЭКОНОМИКА | B48: 707 | C48: 0400 | D48: ='40204810200000000013'!D47/1000 -> 336.22488 | E48: ='40204810200000000013'!E47/1000 -> 363.785 | F48: ='40204810200000000013'!F47/1000 -> 363.768 | G48: =F48-D48 -> 27.54312 | H48: =F48/D48*100 -> 108.19187 | I48: =F48-E48 -> -0.017 | J48: =F48/E48 -> 0.99995327 | K48: ='40204810200000000013'!K47/1000 -> 363.768 | L48: ='40204810200000000013'!L47/1000 -> 363.768
A49: Транспорт | B49: 707 | C49: 0408 | D49: ='40204810200000000013'!D48/1000 -> 336.22488 | E49: ='40204810200000000013'!E48/1000 -> 363.785 | F49: ='40204810200000000013'!F48/1000 -> 363.768 | G49: =F49-D49 -> 27.54312 | H49: =F49/D49*100 -> 108.19187 | I49: =F49-E49 -> -0.017 | J49: =F49/E49 -> 0.99995327 | K49: ='40204810200000000013'!K48/1000 -> 363.768 | L49: ='40204810200000000013'!L48/1000 -> 363.768
A50: ОБРАЗОВАНИЕ | B50: 707 | C50: 0700 | D50: ='40204810200000000013'!D49/1000 -> 1595516.7 | E50: ='40204810200000000013'!E49/1000 -> 1643311.9 | F50: ='40204810200000000013'!F49/1000 -> 1776591.1 | G50: =F50-D50 -> 181074.33 | H50: =F50/D50*100 -> 111.34895 | I50: =F50-E50 -> 133279.1 | J50: =F50/E50 -> 1.081104 | K50: ='40204810200000000013'!K49/1000 -> 1841390.4 | L50: ='40204810200000000013'!L49/1000 -> 1887414.5
A51: Дошкольное образование | B51: 707 | C51: 0701 | D51: ='40204810200000000013'!D50/1000 -> 759364.42 | E51: ='40204810200000000013'!E50/1000 -> 764634.89 | F51: ='40204810200000000013'!F50/1000 -> 858824.74 | G51: =F51-D51 -> 99460.324 | H51: =F51/D51*100 -> 113.09784 | I51: =F51-E51 -> 94189.855 | J51: =F51/E51 -> 1.1231828 | K51: ='40204810200000000013'!K50/1000 -> 886321.4 | L51: ='40204810200000000013'!L50/1000 -> 907116.62
A52: Общее образование | B52: 707 | C52: 0702 | D52: ='40204810200000000013'!D51/1000 -> 586250.64 | E52: ='40204810200000000013'!E51/1000 -> 637578.23 | F52: ='40204810200000000013'!F51/1000 -> 681156.19 | G52: =F52-D52 -> 94905.549 | H52: =F52/D52*100 -> 116.18856 | I52: =F52-E52 -> 43577.968 | J52: =F52/E52 -> 1.0683492 | K52: ='40204810200000000013'!K51/1000 -> 711559.52 | L52: ='40204810200000000013'!L51/1000 -> 739440.85
A53: Дополнительное образование детей | B53: 707 | C53: 0703 | D53: ='40204810200000000013'!D52/1000 -> 137158.33 | E53: ='40204810200000000013'!E52/1000 -> 140765.32 | F53: ='40204810200000000013'!F52/1000 -> 135123.69 | G53: =F53-D53 -> -2034.636 | H53: =F53/D53*100 -> 98.516579 | I53: =F53-E53 -> -5641.6244 | J53: =F53/E53 -> 0.95992177 | K53: ='40204810200000000013'!K52/1000 -> 140162.95 | L53: ='40204810200000000013'!L52/1000 -> 138283.8
... A65: Дополнительное образование детей | B65: 709 | C65: 0703 | D65: ='40204810200000000013'!D64/1000 -> 109661.9 | E65: ='40204810200000000013'!E64/1000 -> 109133.92 | F65: ='40204810200000000013'!F64/1000 -> 110899.52 | G65: =F65-D65 -> 1237.6204 | H65: =F65/D65*100 -> 101.12858 | I65: =F65-E65 -> 1765.6063 | J65: =F65/E65 -> 1.0161783 | K65: ='40204810200000000013'!K64/1000 -> 113098.68 | L65: ='40204810200000000013'!L64/1000 -> 113324.31
A66: Молодежная политика и оздоровление детей | B66: 709 | C66: 0707 | D66: ='40204810200000000013'!D65/1000 -> 0 | E66: ='40204810200000000013'!E65/1000 -> 3329.2802 | F66: ='40204810200000000013'!F65/1000 -> 8676.4523 | G66: =F66-D66 -> 8676.4523 | H66: 0 | I66: =F66-E66 -> 5347.1721 | J66: =F66/E66 -> 2.6061046 | K66: ='40204810200000000013'!K65/1000 -> 8836.2468 | L66: ='40204810200000000013'!L65/1000 -> 8850.5488
A67: Другие вопросы в области образования | B67: 709 | C67: 0709 | D67: ='40204810200000000013'!D66/1000 -> 296 | E67: ='40204810200000000013'!E66/1000 -> 153 | F67: ='40204810200000000013'!F66/1000 -> 0 | G67: =F67-D67 -> -296 | H67: =F67/D67*100 -> 0 | I67: =F67-E67 -> -153 | J67: =F67/E67 -> 0 | K67: ='40204810200000000013'!K66/1000 -> 0 | L67: ='40204810200000000013'!L66/1000 -> 0
A68: КУЛЬТУРА, КИНЕМАТОГРАФИЯ | B68: 709 | C68: 0800 | D68: ='40204810200000000013'!D67/1000 -> 234673.12 | E68: ='40204810200000000013'!E67/1000 -> 245405.61 | F68: ='40204810200000000013'!F67/1000 -> 247011.23 | G68: =F68-D68 -> 12338.117 | H68: =F68/D68*100 -> 105.25758 | I68: =F68-E68 -> 1605.6254 | J68: =F68/E68 -> 1.0065427 | K68: ='40204810200000000013'!K67/1000 -> 239843.68 | L68: ='40204810200000000013'!L67/1000 -> 238633.99
A69: Культура | B69: 709 | C69: 0801 | D69: ='40204810200000000013'!D68/1000 -> 178517.89 | E69: ='40204810200000000013'!E68/1000 -> 203770.84 | F69: ='40204810200000000013'!F68/1000 -> 210248.47 | G69: =F69-D69 -> 31730.582 | H69: =F69/D69*100 -> 117.77446 | I69: =F69-E69 -> 6477.6298 | J69: =F69/E69 -> 1.0317888 | K69: ='40204810200000000013'!K68/1000 -> 202399.99 | L69: ='40204810200000000013'!L68/1000 -> 201190.29
A70: Другие вопросы в области культуры, кинематографии | B70: 709 | C70: 0804 | D70: ='40204810200000000013'!D69/1000 -> 56155.225 | E70: ='40204810200000000013'!E69/1000 -> 41634.765 | F70: ='40204810200000000013'!F69/1000 -> 36762.76 | G70: =F70-D70 -> -19392.465 | H70: =F70/D70*100 -> 65.466322 | I70: =F70-E70 -> -4872.0044 | J70: =F70/E70 -> 0.8829823 | K70: ='40204810200000000013'!K69/1000 -> 37443.698 | L70: ='40204810200000000013'!L69/1000 -> 37443.698
A71: ФИЗИЧЕСКАЯ КУЛЬТУРА И СПОРТ | B71: 709 | C71: 1100 | D71: ='40204810200000000013'!D70/1000 -> 0 | E71: ='40204810200000000013'!E70/1000 -> 2038.7791 | F71: ='40204810200000000013'!F70/1000 -> 6531.3134 | G71: =F71-D71 -> 6531.3134 | H71: 0 | I71: =F71-E71 -> 4492.5343 | J71: =F71/E71 -> 3.2035414 | K71: ='40204810200000000013'!K70/1000 -> 6229.553 | L71: ='40204810200000000013'!L70/1000 -> 6234.94
A72: Другие вопросы в области физической культуры и спорта | B72: 709 | C72: 1105 | D72: ='40204810200000000013'!D71/1000 -> 0 | E72: ='40204810200000000013'!E71/1000 -> 2038.7791 | F72: ='40204810200000000013'!F71/1000 -> 6531.3134 | G72: =F72-D72 -> 6531.3134 | H72: 0 | I72: =F72-E72 -> 4492.5343 | J72: =F72/E72 -> 3.2035414 | K72: ='40204810200000000013'!K71/1000 -> 6229.553 | L72: ='40204810200000000013'!L71/1000 -> 6234.94
A73: СРЕДСТВА МАССОВОЙ ИНФОРМАЦИИ | B73: 709 | C73: 1200 | D73: ='40204810200000000013'!D72/1000 -> 0 | E73: ='40204810200000000013'!E72/1000 -> 11014.952 | F73: ='40204810200000000013'!F72/1000 -> 8805.1286 | G73: =F73-D73 -> 8805.1286 | H73: 0 | I73: =F73-E73 -> -2209.8234 | J73: =F73/E73 -> 0.79937966 | K73: ='40204810200000000013'!K72/1000 -> 8968.7651 | L73: ='40204810200000000013'!L72/1000 -> 8968.7651
A74: Телевидение и радиовещание | B74: 709 | C74: 1201 | D74: ='40204810200000000013'!D73/1000 -> 0 | E74: ='40204810200000000013'!E73/1000 -> 843.08 | F74: ='40204810200000000013'!F73/1000 -> 0 | G74: =F74-D74 -> 0 | H74: 0 | I74: =F74-E74 -> -843.08 | J74: =F74/E74 -> 0 | K74: ='40204810200000000013'!K73/1000 -> 0 | L74: ='40204810200000000013'!L73/1000 -> 0
A75: Периодическая печать и издательства | B75: 709 | C75: 1202 | D75: ='40204810200000000013'!D74/1000 -> 0 | E75: ='40204810200000000013'!E74/1000 -> 10171.872 | F75: ='40204810200000000013'!F74/1000 -> 8805.1286 | G75: =F75-D75 -> 8805.1286 | H75: 0 | I75: =F75-E75 -> -1366.7434 | J75: =F75/E75 -> 0.86563502 | K75: ='40204810200000000013'!K74/1000 -> 8968.7651 | L75: ='40204810200000000013'!L74/1000 -> 8968.7651
A76: Комитет по развитию городского хозяйства Администрации ЗАТО г. Североморск | B76: 731 | C76: 0000 | D76: ='40204810200000000013'!D75/1000 -> 260774.67 | E76: ='40204810200000000013'!E75/1000 -> 954156.9 | F76: ='40204810200000000013'!F75/1000 -> 1399894.9 | G76: =F76-D76 -> 1139120.2 | H76: =F76/D76*100 -> 536.82165 | I76: =F76-E76 -> 445737.98 | J76: =F76/E76 -> 1.4671538 | K76: ='40204810200000000013'!K75/1000 -> 522819.01 | L76: ='40204810200000000013'!L75/1000 -> 325147.41
A77: ОБЩЕГОСУДАРСТВЕННЫЕ ВОПРОСЫ | B77: 731 | C77: 0100 | D77: ='40204810200000000013'!D76/1000 -> 12918.429 | E77: ='40204810200000000013'!E76/1000 -> 71072.164 | F77: ='40204810200000000013'!F76/1000 -> 67398.338 | G77: =F77-D77 -> 54479.909 | H77: =F77/D77*100 -> 521.72239 | I77: =F77-E77 -> -3673.8257 | J77: =F77/E77 -> 0.94830851 | K77: ='40204810200000000013'!K76/1000 -> 68765.116 | L77: ='40204810200000000013'!L76/1000 -> 68959.427
A78: Функционирование Правительства Российской Федерации, высших исполнительных органов государственной власти субъектов Российской Федерации, местных администраций | B78: 731 | C78: 0104 | D78: ='40204810200000000013'!D77/1000 -> 12313.809 | E78: ='40204810200000000013'!E77/1000 -> 14407.55 | F78: ='40204810200000000013'!F77/1000 -> 14985.738 | G78: =F78-D78 -> 2671.9285 | H78: =F78/D78*100 -> 121.69863 | I78: =F78-E78 -> 578.18785 | J78: =F78/E78 -> 1.0401309 | K78: ='40204810200000000013'!K77/1000 -> 15310.045 | L78: ='40204810200000000013'!L77/1000 -> 15309.205
A79: Другие общегосударственные вопросы | B79: 731 | C79: 0113 | D79: ='40204810200000000013'!D78/1000 -> 604.62008 | E79: ='40204810200000000013'!E78/1000 -> 56664.614 | F79: ='40204810200000000013'!F78/1000 -> 52412.6 | G79: =F79-D79 -> 51807.98 | H79: =F79/D79*100 -> 8668.6834 | I79: =F79-E79 -> -4252.0136 | J79: =F79/E79 -> 0.92496175 | K79: ='40204810200000000013'!K78/1000 -> 53455.072 | L79: ='40204810200000000013'!L78/1000 -> 53650.222
A80: НАЦИОНАЛЬНАЯ БЕЗОПАСНОСТЬ И ПРАВООХРАНИТЕЛЬНАЯ ДЕЯТЕЛЬНОСТЬ | B80: 731 | C80: 0300 | D80: ='40204810200000000013'!D79/1000 -> 0 | E80: ='40204810200000000013'!E79/1000 -> 9948.6147 | F80: ='40204810200000000013'!F79/1000 -> 8798.137 | G80: =F80-D80 -> 8798.137 | H80: 0 | I80: =F80-E80 -> -1150.4777 | J80: =F80/E80 -> 0.884358 | K80: ='40204810200000000013'!K79/1000 -> 8965.838 | L80: ='40204810200000000013'!L79/1000 -> 8965.838
A81: Защита населения и территории от чрезвычайных ситуаций природного и техногенного характера, гражданская оборона | B81: 731 | C81: 0309 | D81: ='40204810200000000013'!D80/1000 -> 0 | E81: ='40204810200000000013'!E80/1000 -> 7369.2147 | F81: ='40204810200000000013'!F80/1000 -> 7943.737 | G81: =F81-D81 -> 7943.737 | H81: 0 | I81: =F81-E81 -> 574.52231 | J81: =F81/E81 -> 1.0779625 | K81: ='40204810200000000013'!K80/1000 -> 8111.438 | L81: ='40204810200000000013'!L80/1000 -> 8111.438
A82: Другие вопросы в области национальной безопасности и правоохранительной деятельности | B82: 731 | C82: 0314 | D82: ='40204810200000000013'!D81/1000 -> 0 | E82: ='40204810200000000013'!E81/1000 -> 2579.4 | F82: ='40204810200000000013'!F81/1000 -> 854.4 | G82: =F82-D82 -> 854.4 | H82: 0 | I82: =F82-E82 -> -1725 | J82: =F82/E82 -> 0.33123982 | K82: ='40204810200000000013'!K81/1000 -> 854.4 | L82: ='40204810200000000013'!L81/1000 -> 854.4
A83: НАЦИОНАЛЬНАЯ ЭКОНОМИКА | B83: 731 | C83: 0400 | D83: ='40204810200000000013'!D82/1000 -> 127031.8 | E83: ='40204810200000000013'!E82/1000 -> 215747.25 | F83: ='40204810200000000013'!F82/1000 -> 201933.61 | G83: =F83-D83 -> 74901.813 | H83: =F83/D83*100 -> 158.96304 | I83: =F83-E83 -> -13813.635 | J83: =F83/E83 -> 0.93597306 | K83: ='40204810200000000013'!K82/1000 -> 157217.79 | L83: ='40204810200000000013'!L82/1000 -> 158571.35
A84: Сельское хозяйство и рыболовство | B84: 731 | C84: 0405 | D84: ='40204810200000000013'!D83/1000 -> 7759.9613 | E84: ='40204810200000000013'!E83/1000 -> 10203.95 | F84: ='40204810200000000013'!F83/1000 -> 10395.64 | G84: =F84-D84 -> 2635.6787 | H84: =F84/D84*100 -> 133.9651 | I84: =F84-E84 -> 191.69 | J84: =F84/E84 -> 1.0187859 | K84: ='40204810200000000013'!K83/1000 -> 10945.103 | L84: ='40204810200000000013'!L83/1000 -> 10945.882
A85: Транспорт | B85: 731 | C85: 0408 | D85: ='40204810200000000013'!D84/1000 -> 20349.901 | E85: ='40204810200000000013'!E84/1000 -> 18875.584 | F85: ='40204810200000000013'!F84/1000 -> 19900 | G85: =F85-D85 -> -449.90107 | H85: =F85/D85*100 -> 97.789173 | I85: =F85-E85 -> 1024.4157 | J85: =F85/E85 -> 1.054272 | K85: ='40204810200000000013'!K84/1000 -> 20000 | L85: ='40204810200000000013'!L84/1000 -> 21348.079
A86: Дорожное хозяйство (дорожные фонды) | B86: 731 | C86: 0409 | D86: ='40204810200000000013'!D85/1000 -> 98822.825 | E86: ='40204810200000000013'!E85/1000 -> 186567.61 | F86: ='40204810200000000013'!F85/1000 -> 171524.67 | G86: =F86-D86 -> 72701.845 | H86: =F86/D86*100 -> 173.56787 | I86: =F86-E86 -> -15042.941 | J86: =F86/E86 -> 0.91937003 | K86: ='40204810200000000013'!K85/1000 -> 126155.69 | L86: ='40204810200000000013'!L85/1000 -> 126155.69
A87: Другие вопросы в области национальной экономики | B87: 731 | C87: 0412 | D87: ='40204810200000000013'!D86/1000 -> 99.10954 | E87: ='40204810200000000013'!E86/1000 -> 100.1 | F87: ='40204810200000000013'!F86/1000 -> 113.3 | G87: =F87-D87 -> 14.19046 | H87: =F87/D87*100 -> 114.31796 | I87: =F87-E87 -> 13.2 | J87: =F87/E87 -> 1.1318681 | K87: ='40204810200000000013'!K86/1000 -> 117 | L87: ='40204810200000000013'!L86/1000 -> 121.7
A88: ЖИЛИЩНО-КОММУНАЛЬНОЕ ХОЗЯЙСТВО | B88: 731 | C88: 0500 | D88: ='40204810200000000013'!D87/1000 -> 119110.17 | E88: ='40204810200000000013'!E87/1000 -> 154653.52 | F88: ='40204810200000000013'!F87/1000 -> 149768.58 | G88: =F88-D88 -> 30658.417 | H88: =F88/D88*100 -> 125.73955 | I88: =F88-E88 -> -4884.9329 | J88: =F88/E88 -> 0.9684137 | K88: ='40204810200000000013'!K87/1000 -> 86640.424 | L88: ='40204810200000000013'!L87/1000 -> 86302.958
A89: Жилищное хозяйство | B89: 731 | C89: 0501 | D89: ='40204810200000000013'!D88/1000 -> 1689.8511 | E89: ='40204810200000000013'!E88/1000 -> 5538.8178 | F89: ='40204810200000000013'!F88/1000 -> 4600 | G89: =F89-D89 -> 2910.1489 | H89: =F89/D89*100 -> 272.21333 | I89: =F89-E89 -> -938.81779 | J89: =F89/E89 -> 0.83050214 | K89: ='40204810200000000013'!K88/1000 -> 4100 | L89: ='40204810200000000013'!L88/1000 -> 4100
A90: Коммунальное хозяйство | B90: 731 | C90: 0502 | D90: ='40204810200000000013'!D89/1000 -> 5577.9388 | E90: ='40204810200000000013'!E89/1000 -> 19929.68 | F90: ='40204810200000000013'!F89/1000 -> 27688.508 | G90: =F90-D90 -> 22110.569 | H90: =F90/D90*100 -> 496.39318 | I90: =F90-E90 -> 7758.8285 | J90: =F90/E90 -> 1.3893102 | K90: ='40204810200000000013'!K89/1000 -> 12246.5 | L90: ='40204810200000000013'!L89/1000 -> 12146.5
A91: Благоустройство | B91: 731 | C91: 0503 | D91: ='40204810200000000013'!D90/1000 -> 83800.403 | E91: ='40204810200000000013'!E90/1000 -> 100516.65 | F91: ='40204810200000000013'!F90/1000 -> 88640.356 | G91: =F91-D91 -> 4839.9527 | H91: =F91/D91*100 -> 105.77557 | I91: =F91-E91 -> -11876.296 | J91: =F91/E91 -> 0.88184748 | K91: ='40204810200000000013'!K90/1000 -> 40874.053 | L91: ='40204810200000000013'!L90/1000 -> 40554.254
A92: Другие вопросы в области жилищно-коммунального хозяйства | B92: 731 | C92: 0505 | D92: ='40204810200000000013'!D91/1000 -> 28041.973 | E92: ='40204810200000000013'!E91/1000 -> 28668.366 | F92: ='40204810200000000013'!F91/1000 -> 28839.719 | G92: =F92-D92 -> 797.74647 | H92: =F92/D92*100 -> 102.84483 | I92: =F92-E92 -> 171.3527 | J92: =F92/E92 -> 1.0059771 | K92: ='40204810200000000013'!K91/1000 -> 29419.871 | L92: ='40204810200000000013'!L91/1000 -> 29502.204
A93: ОХРАНА ОКРУЖАЮЩЕЙ СРЕДЫ | B93: 731 | C93: 0600 | D93: ='40204810200000000013'!D92/1000 -> 523 | E93: ='40204810200000000013'!E92/1000 -> 700 | F93: ='40204810200000000013'!F92/1000 -> 1200 | G93: =F93-D93 -> 677 | H93: =F93/D93*100 -> 229.44551 | I93: =F93-E93 -> 500 | J93: =F93/E93 -> 1.7142857 | K93: ='40204810200000000013'!K92/1000 -> 0 | L93: ='40204810200000000013'!L92/1000 -> 0
A94: Другие вопросы в области охраны окружающей среды | B94: 731 | C94: 0605 | D94: ='40204810200000000013'!D93/1000 -> 523 | E94: ='40204810200000000013'!E93/1000 -> 700 | F94: ='40204810200000000013'!F93/1000 -> 1200 | G94: =F94-D94 -> 677 | H94: =F94/D94*100 -> 229.44551 | I94: =F94-E94 -> 500 | J94: =F94/E94 -> 1.7142857 | K94: ='40204810200000000013'!K93/1000 -> 0 | L94: ='40204810200000000013'!L93/1000 -> 0
A95: ОБРАЗОВАНИЕ | B95: 731 | C95: 0700 | D95: ='40204810200000000013'!D94/1000 -> 0 | E95: ='40204810200000000013'!E94/1000 -> 498655.14 | F95: ='40204810200000000013'!F94/1000 -> 968491.29 | G95: =F95-D95 -> 968491.29 | H95: 0 | I95: =F95-E95 -> 469836.15 | J95: =F95/E95 -> 1.9422066 | K95: ='40204810200000000013'!K94/1000 -> 198882.01 | L95: ='40204810200000000013'!L94/1000 -> 0
A96: Дошкольное образование | B96: 731 | C96: 0701 | D96: ='40204810200000000013'!D95/1000 -> 0 | E96: ='40204810200000000013'!E95/1000 -> 108624.52 | F96: ='40204810200000000013'!F95/1000 -> 190865.5 | G96: =F96-D96 -> 190865.5 | H96: 0 | I96: =F96-E96 -> 82240.984 | J96: =F96/E96 -> 1.7571125 | K96: ='40204810200000000013'!K95/1000 -> 198882.01 | L96: ='40204810200000000013'!L95/1000 -> 0
A97: Общее образование | B97: 731 | C97: 0702 | D97: ='40204810200000000013'!D96/1000 -> 0 | E97: ='40204810200000000013'!E96/1000 -> 390030.62 | F97: ='40204810200000000013'!F96/1000 -> 777625.79 | G97: =F97-D97 -> 777625.79 | H97: 0 | I97: =F97-E97 -> 387595.16 | J97: =F97/E97 -> 1.9937557 | K97: ='40204810200000000013'!K96/1000 -> 0 | L97: ='40204810200000000013'!L96/1000 -> 0
A98: КУЛЬТУРА, КИНЕМАТОГРАФИЯ | B98: 731 | C98: 0800 | D98: ='40204810200000000013'!D97/1000 -> 0 | E98: ='40204810200000000013'!E97/1000 -> 1665.86 | F98: ='40204810200000000013'!F97/1000 -> 1484 | G98: =F98-D98 -> 1484 | H98: 0 | I98: =F98-E98 -> -181.86 | J98: =F98/E98 -> 0.89083116 | K98: ='40204810200000000013'!K97/1000 -> 1500 | L98: ='40204810200000000013'!L97/1000 -> 1500
A99: Другие вопросы в области культуры, кинематографии | B99: 731 | C99: 0804 | D99: ='40204810200000000013'!D98/1000 -> 0 | E99: ='40204810200000000013'!E98/1000 -> 1665.86 | F99: ='40204810200000000013'!F98/1000 -> 1484 | G99: =F99-D99 -> 1484 | H99: 0 | I99: =F99-E99 -> -181.86 | J99: =F99/E99 -> 0.89083116 | K99: ='40204810200000000013'!K98/1000 -> 1500 | L99: ='40204810200000000013'!L98/1000 -> 1500
A100: СОЦИАЛЬНАЯ ПОЛИТИКА | B100: 731 | C100: 1000 | D100: ='40204810200000000013'!D99/1000 -> 399.15092 | E100: ='40204810200000000013'!E99/1000 -> 618.158 | F100: ='40204810200000000013'!F99/1000 -> 820.928 | G100: =F100-D100 -> 421.77708 | H100: =F100/D100*100 -> 205.66857 | I100: =F100-E100 -> 202.77 | J100: =F100/E100 -> 1.3280229 | K100: ='40204810200000000013'!K99/1000 -> 847.831 | L100: ='40204810200000000013'!L99/1000 -> 847.831
A101: Социальное обеспечение населения | B101: 731 | C101: 1003 | D101: ='40204810200000000013'!D100/1000 -> 94.15092 | E101: ='40204810200000000013'!E100/1000 -> 415.5 | F101: ='40204810200000000013'!F100/1000 -> 407.4 | G101: =F101-D101 -> 313.24908 | H101: =F101/D101*100 -> 432.70953 | I101: =F101-E101 -> -8.1 | J101: =F101/E101 -> 0.98050542 | K101: ='40204810200000000013'!K100/1000 -> 407.4 | L101: ='40204810200000000013'!L100/1000 -> 407.4
A102: Другие вопросы в области социальной политики | B102: 731 | C102: 1006 | D102: ='40204810200000000013'!D101/1000 -> 305 | E102: ='40204810200000000013'!E101/1000 -> 202.658 | F102: ='40204810200000000013'!F101/1000 -> 413.528 | G102: =F102-D102 -> 108.528 | H102: =F102/D102*100 -> 135.58295 | I102: =F102-E102 -> 210.87 | J102: =F102/E102 -> 2.0405215 | K102: ='40204810200000000013'!K101/1000 -> 440.431 | L102: ='40204810200000000013'!L101/1000 -> 440.431
A103: ФИЗИЧЕСКАЯ КУЛЬТУРА И СПОРТ | B103: 731 | C103: 1100 | D103: ='40204810200000000013'!D102/1000 -> 792.12639 | E103: ='40204810200000000013'!E102/1000 -> 1096.2009 | F103: ='40204810200000000013'!F102/1000 -> 0 | G103: =F103-D103 -> -792.12639 | H103: =F103/D103*100 -> 0 | I103: =F103-E103 -> -1096.2009 | J103: =F103/E103 -> 0 | K103: ='40204810200000000013'!K102/1000 -> 0 | L103: ='40204810200000000013'!L102/1000 -> 0
A104: Другие вопросы в области физической культуры и спорта | B104: 731 | C104: 1105 | D104: ='40204810200000000013'!D103/1000 -> 792.12639 | E104: ='40204810200000000013'!E103/1000 -> 1096.2009 | F104: ='40204810200000000013'!F103/1000 -> 0 | G104: =F104-D104 -> -792.12639 | H104: =F104/D104*100 -> 0 | I104: =F104-E104 -> -1096.2009 | J104: =F104/E104 -> 0 | K104: ='40204810200000000013'!K103/1000 -> 0 | L104: ='40204810200000000013'!L103/1000 -> 0
A105: Совет депутатов ЗАТО г. Североморск | B105: 732 | C105: 0000 | D105: ='40204810200000000013'!D104/1000 -> 9630.1662 | E105: ='40204810200000000013'!E104/1000 -> 9939.9033 | F105: ='40204810200000000013'!F104/1000 -> 10539.246 | G105: =F105-D105 -> 909.07972 | H105: =F105/D105*100 -> 109.43992 | I105: =F105-E105 -> 599.34261 | J105: =F105/E105 -> 1.0602966 | K105: ='40204810200000000013'!K104/1000 -> 10744.839 | L105: ='40204810200000000013'!L104/1000 -> 10744.839
A106: ОБЩЕГОСУДАРСТВЕННЫЕ ВОПРОСЫ | B106: 732 | C106: 0100 | D106: ='40204810200000000013'!D105/1000 -> 9630.1662 | E106: ='40204810200000000013'!E105/1000 -> 9939.9033 | F106: ='40204810200000000013'!F105/1000 -> 10539.246 | G106: =F106-D106 -> 909.07972 | H106: =F106/D106*100 -> 109.43992 | I106: =F106-E106 -> 599.34261 | J106: =F106/E106 -> 1.0602966 | K106: ='40204810200000000013'!K105/1000 -> 10744.839 | L106: ='40204810200000000013'!L105/1000 -> 10744.839
A107: Функционирование законодательных (представительных) органов государственной власти и представительных органов муниципальных образований | B107: 732 | C107: 0103 | D107: ='40204810200000000013'!D106/1000 -> 9063.8754 | E107: ='40204810200000000013'!E106/1000 -> 9507.4033 | F107: ='40204810200000000013'!F106/1000 -> 10045.096 | G107: =F107-D107 -> 981.22052 | H107: =F107/D107*100 -> 110.82562 | I107: =F107-E107 -> 537.69261 | J107: =F107/E107 -> 1.0565551 | K107: ='40204810200000000013'!K106/1000 -> 10201.839 | L107: ='40204810200000000013'!L106/1000 -> 10258.839
A108: Другие общегосударственные вопросы | B108: 732 | C108: 0113 | D108: ='40204810200000000013'!D107/1000 -> 566.2908 | E108: ='40204810200000000013'!E107/1000 -> 432.5 | F108: ='40204810200000000013'!F107/1000 -> 494.15 | G108: =F108-D108 -> -72.1408 | H108: =F108/D108*100 -> 87.260821 | I108: =F108-E108 -> 61.65 | J108: =F108/E108 -> 1.1425434 | K108: ='40204810200000000013'!K107/1000 -> 543 | L108: ='40204810200000000013'!L107/1000 -> 486
A109: КОНТРОЛЬНО-СЧЕТНАЯ ПАЛАТА ЗАТО Г. СЕВЕРОМОРСК | B109: 734 | C109: 0000 | D109: ='40204810200000000013'!D108/1000 -> 2294.8197 | E109: ='40204810200000000013'!E108/1000 -> 2551.1669 | F109: ='40204810200000000013'!F108/1000 -> 3176.0552 | G109: =F109-D109 -> 881.23551 | H109: =F109/D109*100 -> 138.40108 | I109: =F109-E109 -> 624.88831 | J109: =F109/E109 -> 1.2449421 | K109: ='40204810200000000013'!K108/1000 -> 3210.6377 | L109: ='40204810200000000013'!L108/1000 -> 3216.1004
A110: ОБЩЕГОСУДАРСТВЕННЫЕ ВОПРОСЫ | B110: 734 | C110: 0100 | D110: ='40204810200000000013'!D109/1000 -> 2294.8197 | E110: ='40204810200000000013'!E109/1000 -> 2551.1669 | F110: ='40204810200000000013'!F109/1000 -> 3176.0552 | G110: =F110-D110 -> 881.23551 | H110: =F110/D110*100 -> 138.40108 | I110: =F110-E110 -> 624.88831 | J110: =F110/E110 -> 1.2449421 | K110: ='40204810200000000013'!K109/1000 -> 3210.6377 | L110: ='40204810200000000013'!L109/1000 -> 3216.1004
A111: Обеспечение деятельности финансовых, налоговых и таможенных органов и органов финансового (финансово-бюджетного) надзора | B111: 734 | C111: 0106 | D111: ='40204810200000000013'!D110/1000 -> 2173.6053 | E111: ='40204810200000000013'!E110/1000 -> 2373.2669 | F111: ='40204810200000000013'!F110/1000 -> 2973.1552 | G111: =F111-D111 -> 799.54997 | H111: =F111/D111*100 -> 136.78451 | I111: =F111-E111 -> 599.88831 | J111: =F111/E111 -> 1.252769 | K111: ='40204810200000000013'!K110/1000 -> 3035.6004 | L111: ='40204810200000000013'!L110/1000 -> 3041.1004
... A123: Охрана семьи и детства | B123: 913 | C123: 1004 | D123: ='40204810200000000013'!D122/1000 -> 7392 | E123: ='40204810200000000013'!E122/1000 -> 3637.6 | F123: ='40204810200000000013'!F122/1000 -> 9751.4 | G123: =F123-D123 -> 2359.4 | H123: =F123/D123*100 -> 131.91829 | I123: =F123-E123 -> 6113.8 | J123: =F123/E123 -> 2.6807236 | K123: ='40204810200000000013'!K122/1000 -> 2437.8 | L123: ='40204810200000000013'!L122/1000 -> 1218.9
...
